%YAML 1.1
%TAG !u! tag:unity3d.com,2011:
--- !u!1 &331198171443694943
GameObject:
  m_ObjectHideFlags: 0
  m_CorrespondingSourceObject: {fileID: 0}
  m_PrefabInstance: {fileID: 0}
  m_PrefabAsset: {fileID: 0}
  serializedVersion: 6
  m_Component:
  - component: {fileID: 7219452046083608693}
  m_Layer: 0
  m_Name: Resources Arrow
  m_TagString: Untagged
  m_Icon: {fileID: 0}
  m_NavMeshLayer: 0
  m_StaticEditorFlags: 0
  m_IsActive: 1
--- !u!4 &7219452046083608693
Transform:
  m_ObjectHideFlags: 0
  m_CorrespondingSourceObject: {fileID: 0}
  m_PrefabInstance: {fileID: 0}
  m_PrefabAsset: {fileID: 0}
  m_GameObject: {fileID: 331198171443694943}
  m_LocalRotation: {x: 0, y: 0, z: 0, w: 1}
  m_LocalPosition: {x: 0, y: 1.314, z: 0.353}
  m_LocalScale: {x: 1, y: 1, z: 1}
  m_Children:
  - {fileID: 3355969336464883771}
  - {fileID: 333321935320206392}
  m_Father: {fileID: 5760985001437990574}
  m_RootOrder: 2
  m_LocalEulerAnglesHint: {x: 0, y: 0, z: 0}
--- !u!1 &1711303665711097295
GameObject:
  m_ObjectHideFlags: 0
  m_CorrespondingSourceObject: {fileID: 0}
  m_PrefabInstance: {fileID: 0}
  m_PrefabAsset: {fileID: 0}
  serializedVersion: 6
  m_Component:
  - component: {fileID: 772254256220135745}
  - component: {fileID: 7147862114515302860}
  - component: {fileID: 7629376699585485627}
  m_Layer: 7
  m_Name: Amount (TMP)
  m_TagString: Untagged
  m_Icon: {fileID: 0}
  m_NavMeshLayer: 0
  m_StaticEditorFlags: 0
  m_IsActive: 1
--- !u!224 &772254256220135745
RectTransform:
  m_ObjectHideFlags: 0
  m_CorrespondingSourceObject: {fileID: 0}
  m_PrefabInstance: {fileID: 0}
  m_PrefabAsset: {fileID: 0}
  m_GameObject: {fileID: 1711303665711097295}
  m_LocalRotation: {x: 0, y: 0, z: 0, w: 1}
  m_LocalPosition: {x: 0, y: 0, z: 0}
  m_LocalScale: {x: 1, y: 1, z: 1}
  m_Children: []
  m_Father: {fileID: 5346544221034465262}
  m_RootOrder: 0
  m_LocalEulerAnglesHint: {x: 0, y: 0, z: 0}
  m_AnchorMin: {x: 0, y: 0}
  m_AnchorMax: {x: 1, y: 1}
  m_AnchoredPosition: {x: 0, y: 0}
  m_SizeDelta: {x: 0, y: 0}
  m_Pivot: {x: 0.5, y: 0.5}
--- !u!222 &7147862114515302860
CanvasRenderer:
  m_ObjectHideFlags: 0
  m_CorrespondingSourceObject: {fileID: 0}
  m_PrefabInstance: {fileID: 0}
  m_PrefabAsset: {fileID: 0}
  m_GameObject: {fileID: 1711303665711097295}
  m_CullTransparentMesh: 1
--- !u!114 &7629376699585485627
MonoBehaviour:
  m_ObjectHideFlags: 0
  m_CorrespondingSourceObject: {fileID: 0}
  m_PrefabInstance: {fileID: 0}
  m_PrefabAsset: {fileID: 0}
  m_GameObject: {fileID: 1711303665711097295}
  m_Enabled: 1
  m_EditorHideFlags: 0
  m_Script: {fileID: 11500000, guid: f4688fdb7df04437aeb418b961361dc5, type: 3}
  m_Name: 
  m_EditorClassIdentifier: 
  m_Material: {fileID: 0}
  m_Color: {r: 1, g: 1, b: 1, a: 1}
  m_RaycastTarget: 1
  m_RaycastPadding: {x: 0, y: 0, z: 0, w: 0}
  m_Maskable: 1
  m_OnCullStateChanged:
    m_PersistentCalls:
      m_Calls: []
  m_text: +1
  m_isRightToLeft: 0
  m_fontAsset: {fileID: 11400000, guid: 175bd0eb8a72e6147ae4fa38eeb30195, type: 2}
  m_sharedMaterial: {fileID: 2980751743909752028, guid: 175bd0eb8a72e6147ae4fa38eeb30195, type: 2}
  m_fontSharedMaterials: []
  m_fontMaterial: {fileID: 0}
  m_fontMaterials: []
  m_fontColor32:
    serializedVersion: 2
    rgba: 4294967295
  m_fontColor: {r: 1, g: 1, b: 1, a: 1}
  m_enableVertexGradient: 0
  m_colorMode: 3
  m_fontColorGradient:
    topLeft: {r: 1, g: 1, b: 1, a: 1}
    topRight: {r: 1, g: 1, b: 1, a: 1}
    bottomLeft: {r: 1, g: 1, b: 1, a: 1}
    bottomRight: {r: 1, g: 1, b: 1, a: 1}
  m_fontColorGradientPreset: {fileID: 0}
  m_spriteAsset: {fileID: 0}
  m_tintAllSprites: 0
  m_StyleSheet: {fileID: 0}
  m_TextStyleHashCode: -1183493901
  m_overrideHtmlColors: 0
  m_faceColor:
    serializedVersion: 2
    rgba: 4294967295
  m_fontSize: 10
  m_fontSizeBase: 10
  m_fontWeight: 400
  m_enableAutoSizing: 0
  m_fontSizeMin: 18
  m_fontSizeMax: 72
  m_fontStyle: 16
  m_HorizontalAlignment: 2
  m_VerticalAlignment: 512
  m_textAlignment: 65535
  m_characterSpacing: 0
  m_wordSpacing: 0
  m_lineSpacing: 0
  m_lineSpacingMax: 0
  m_paragraphSpacing: 0
  m_charWidthMaxAdj: 0
  m_enableWordWrapping: 1
  m_wordWrappingRatios: 0.4
  m_overflowMode: 0
  m_linkedTextComponent: {fileID: 0}
  parentLinkedComponent: {fileID: 0}
  m_enableKerning: 1
  m_enableExtraPadding: 0
  checkPaddingRequired: 0
  m_isRichText: 1
  m_parseCtrlCharacters: 1
  m_isOrthographic: 1
  m_isCullingEnabled: 0
  m_horizontalMapping: 0
  m_verticalMapping: 0
  m_uvLineOffset: 0
  m_geometrySortingOrder: 0
  m_IsTextObjectScaleStatic: 0
  m_VertexBufferAutoSizeReduction: 0
  m_useMaxVisibleDescender: 1
  m_pageToDisplay: 1
  m_margin: {x: 0, y: 0, z: 0, w: 0}
  m_isUsingLegacyAnimationComponent: 0
  m_isVolumetricText: 0
  m_hasFontAssetChanged: 0
  m_baseMaterial: {fileID: 0}
  m_maskOffset: {x: 0, y: 0, z: 0, w: 0}
--- !u!1 &2746471301488119436
GameObject:
  m_ObjectHideFlags: 0
  m_CorrespondingSourceObject: {fileID: 0}
  m_PrefabInstance: {fileID: 0}
  m_PrefabAsset: {fileID: 0}
  serializedVersion: 6
  m_Component:
  - component: {fileID: 1721383970525702574}
  - component: {fileID: 1730696982766199646}
  m_Layer: 0
  m_Name: Pick
  m_TagString: Untagged
  m_Icon: {fileID: 0}
  m_NavMeshLayer: 0
  m_StaticEditorFlags: 0
  m_IsActive: 1
--- !u!4 &1721383970525702574
Transform:
  m_ObjectHideFlags: 0
  m_CorrespondingSourceObject: {fileID: 0}
  m_PrefabInstance: {fileID: 0}
  m_PrefabAsset: {fileID: 0}
  m_GameObject: {fileID: 2746471301488119436}
  m_LocalRotation: {x: 0, y: 0, z: 0, w: 1}
  m_LocalPosition: {x: 0, y: 0, z: 0}
  m_LocalScale: {x: 1, y: 1, z: 1}
  m_Children: []
  m_Father: {fileID: 8299409181487733292}
  m_RootOrder: 1
  m_LocalEulerAnglesHint: {x: 0, y: 0, z: 0}
--- !u!114 &1730696982766199646
MonoBehaviour:
  m_ObjectHideFlags: 0
  m_CorrespondingSourceObject: {fileID: 0}
  m_PrefabInstance: {fileID: 0}
  m_PrefabAsset: {fileID: 0}
  m_GameObject: {fileID: 2746471301488119436}
  m_Enabled: 1
  m_EditorHideFlags: 0
  m_Script: {fileID: 11500000, guid: 310c7dc30575467e9031aa3f3dc3c5c3, type: 3}
  m_Name: 
  m_EditorClassIdentifier: 
--- !u!1 &4095572344265381768
GameObject:
  m_ObjectHideFlags: 0
  m_CorrespondingSourceObject: {fileID: 0}
  m_PrefabInstance: {fileID: 0}
  m_PrefabAsset: {fileID: 0}
  serializedVersion: 6
  m_Component:
  - component: {fileID: 1408037177028166269}
  - component: {fileID: 4375692756392387368}
  m_Layer: 0
  m_Name: Axe
  m_TagString: Untagged
  m_Icon: {fileID: 0}
  m_NavMeshLayer: 0
  m_StaticEditorFlags: 0
  m_IsActive: 1
--- !u!4 &1408037177028166269
Transform:
  m_ObjectHideFlags: 0
  m_CorrespondingSourceObject: {fileID: 0}
  m_PrefabInstance: {fileID: 0}
  m_PrefabAsset: {fileID: 0}
  m_GameObject: {fileID: 4095572344265381768}
  m_LocalRotation: {x: 0, y: 0, z: 0, w: 1}
  m_LocalPosition: {x: 0, y: 0, z: 0}
  m_LocalScale: {x: 1, y: 1, z: 1}
  m_Children: []
  m_Father: {fileID: 8299409181487733292}
  m_RootOrder: 0
  m_LocalEulerAnglesHint: {x: 0, y: 0, z: 0}
--- !u!114 &4375692756392387368
MonoBehaviour:
  m_ObjectHideFlags: 0
  m_CorrespondingSourceObject: {fileID: 0}
  m_PrefabInstance: {fileID: 0}
  m_PrefabAsset: {fileID: 0}
  m_GameObject: {fileID: 4095572344265381768}
  m_Enabled: 1
  m_EditorHideFlags: 0
  m_Script: {fileID: 11500000, guid: 310c7dc30575467e9031aa3f3dc3c5c3, type: 3}
  m_Name: 
  m_EditorClassIdentifier: 
--- !u!1 &4266050358762665794
GameObject:
  m_ObjectHideFlags: 0
  m_CorrespondingSourceObject: {fileID: 0}
  m_PrefabInstance: {fileID: 0}
  m_PrefabAsset: {fileID: 0}
  serializedVersion: 6
  m_Component:
  - component: {fileID: 333321935320206392}
  m_Layer: 0
  m_Name: Resource
  m_TagString: Untagged
  m_Icon: {fileID: 4422084297763085224, guid: 0000000000000000d000000000000000, type: 0}
  m_NavMeshLayer: 0
  m_StaticEditorFlags: 0
  m_IsActive: 1
--- !u!4 &333321935320206392
Transform:
  m_ObjectHideFlags: 0
  m_CorrespondingSourceObject: {fileID: 0}
  m_PrefabInstance: {fileID: 0}
  m_PrefabAsset: {fileID: 0}
  m_GameObject: {fileID: 4266050358762665794}
  m_LocalRotation: {x: 0, y: 0, z: 0, w: 1}
  m_LocalPosition: {x: 0, y: 0, z: 0.482}
  m_LocalScale: {x: 1, y: 1, z: 1}
  m_Children: []
  m_Father: {fileID: 7219452046083608693}
  m_RootOrder: 1
  m_LocalEulerAnglesHint: {x: 0, y: 0, z: 0}
--- !u!1 &4841386936594579913
GameObject:
  m_ObjectHideFlags: 0
  m_CorrespondingSourceObject: {fileID: 0}
  m_PrefabInstance: {fileID: 0}
  m_PrefabAsset: {fileID: 0}
  serializedVersion: 6
  m_Component:
  - component: {fileID: 5346544221034465262}
  - component: {fileID: 981837293136397860}
  - component: {fileID: 3683972573933513268}
  - component: {fileID: 1964917135813324179}
  - component: {fileID: 5072353820609170206}
  - component: {fileID: 6428148732798088758}
  m_Layer: 7
  m_Name: Resource UI
  m_TagString: Untagged
  m_Icon: {fileID: 0}
  m_NavMeshLayer: 0
  m_StaticEditorFlags: 0
  m_IsActive: 0
--- !u!224 &5346544221034465262
RectTransform:
  m_ObjectHideFlags: 0
  m_CorrespondingSourceObject: {fileID: 0}
  m_PrefabInstance: {fileID: 0}
  m_PrefabAsset: {fileID: 0}
  m_GameObject: {fileID: 4841386936594579913}
  m_LocalRotation: {x: -0, y: -0, z: -0, w: 1}
  m_LocalPosition: {x: 0, y: 0, z: 0}
  m_LocalScale: {x: 0.049999997, y: 0.049999997, z: 0.049999997}
  m_Children:
  - {fileID: 772254256220135745}
  - {fileID: 2720916278635824112}
  m_Father: {fileID: 5311683031002316829}
  m_RootOrder: 0
  m_LocalEulerAnglesHint: {x: 0, y: 0, z: 0}
  m_AnchorMin: {x: 0.5, y: 0.5}
  m_AnchorMax: {x: 0.5, y: 0.5}
  m_AnchoredPosition: {x: 0, y: 0}
  m_SizeDelta: {x: 60, y: 10}
  m_Pivot: {x: 0.5, y: 0.5}
--- !u!222 &981837293136397860
CanvasRenderer:
  m_ObjectHideFlags: 0
  m_CorrespondingSourceObject: {fileID: 0}
  m_PrefabInstance: {fileID: 0}
  m_PrefabAsset: {fileID: 0}
  m_GameObject: {fileID: 4841386936594579913}
  m_CullTransparentMesh: 1
--- !u!114 &3683972573933513268
MonoBehaviour:
  m_ObjectHideFlags: 0
  m_CorrespondingSourceObject: {fileID: 0}
  m_PrefabInstance: {fileID: 0}
  m_PrefabAsset: {fileID: 0}
  m_GameObject: {fileID: 4841386936594579913}
  m_Enabled: 1
  m_EditorHideFlags: 0
  m_Script: {fileID: 11500000, guid: fe87c0e1cc204ed48ad3b37840f39efc, type: 3}
  m_Name: 
  m_EditorClassIdentifier: 
  m_Material: {fileID: 0}
  m_Color: {r: 1, g: 1, b: 1, a: 0}
  m_RaycastTarget: 1
  m_RaycastPadding: {x: 0, y: 0, z: 0, w: 0}
  m_Maskable: 1
  m_OnCullStateChanged:
    m_PersistentCalls:
      m_Calls: []
  m_Sprite: {fileID: 0}
  m_Type: 0
  m_PreserveAspect: 0
  m_FillCenter: 1
  m_FillMethod: 4
  m_FillAmount: 1
  m_FillClockwise: 1
  m_FillOrigin: 0
  m_UseSpriteMesh: 0
  m_PixelsPerUnitMultiplier: 1
--- !u!114 &1964917135813324179
MonoBehaviour:
  m_ObjectHideFlags: 0
  m_CorrespondingSourceObject: {fileID: 0}
  m_PrefabInstance: {fileID: 0}
  m_PrefabAsset: {fileID: 0}
  m_GameObject: {fileID: 4841386936594579913}
  m_Enabled: 1
  m_EditorHideFlags: 0
  m_Script: {fileID: 11500000, guid: 2eab6de09d57446c8890cb61b03d70ee, type: 3}
  m_Name: 
  m_EditorClassIdentifier: 
  _onlyYAxis: 0
--- !u!114 &5072353820609170206
MonoBehaviour:
  m_ObjectHideFlags: 0
  m_CorrespondingSourceObject: {fileID: 0}
  m_PrefabInstance: {fileID: 0}
  m_PrefabAsset: {fileID: 0}
  m_GameObject: {fileID: 4841386936594579913}
  m_Enabled: 1
  m_EditorHideFlags: 0
  m_Script: {fileID: 11500000, guid: b5cbc1de05134d9faa1268245796f3b7, type: 3}
  m_Name: 
  m_EditorClassIdentifier: 
  _amountTMP: {fileID: 7629376699585485627}
  _image: {fileID: 0}
--- !u!225 &6428148732798088758
CanvasGroup:
  m_ObjectHideFlags: 0
  m_CorrespondingSourceObject: {fileID: 0}
  m_PrefabInstance: {fileID: 0}
  m_PrefabAsset: {fileID: 0}
  m_GameObject: {fileID: 4841386936594579913}
  m_Enabled: 1
  m_Alpha: 1
  m_Interactable: 1
  m_BlocksRaycasts: 1
  m_IgnoreParentGroups: 0
--- !u!1 &5760984999728565208
GameObject:
  m_ObjectHideFlags: 0
  m_CorrespondingSourceObject: {fileID: 0}
  m_PrefabInstance: {fileID: 0}
  m_PrefabAsset: {fileID: 0}
  serializedVersion: 6
  m_Component:
  - component: {fileID: 5760984999728565209}
  m_Layer: 0
  m_Name: Resources Point
  m_TagString: Untagged
  m_Icon: {fileID: 0}
  m_NavMeshLayer: 0
  m_StaticEditorFlags: 0
  m_IsActive: 1
--- !u!4 &5760984999728565209
Transform:
  m_ObjectHideFlags: 0
  m_CorrespondingSourceObject: {fileID: 0}
  m_PrefabInstance: {fileID: 0}
  m_PrefabAsset: {fileID: 0}
  m_GameObject: {fileID: 5760984999728565208}
  m_LocalRotation: {x: -0, y: -0, z: -0, w: 1}
  m_LocalPosition: {x: 0, y: 0.589, z: 0.059}
  m_LocalScale: {x: 1, y: 1, z: 1}
  m_Children: []
  m_Father: {fileID: 5760985001446645843}
  m_RootOrder: 1
  m_LocalEulerAnglesHint: {x: 0, y: 0, z: 0}
--- !u!1 &5760985000326325292
GameObject:
  m_ObjectHideFlags: 0
  m_CorrespondingSourceObject: {fileID: 0}
  m_PrefabInstance: {fileID: 0}
  m_PrefabAsset: {fileID: 0}
  serializedVersion: 6
  m_Component:
  - component: {fileID: 5760985000326325293}
  m_Layer: 0
  m_Name: StepRayLower
  m_TagString: Untagged
  m_Icon: {fileID: 0}
  m_NavMeshLayer: 0
  m_StaticEditorFlags: 0
  m_IsActive: 1
--- !u!4 &5760985000326325293
Transform:
  m_ObjectHideFlags: 0
  m_CorrespondingSourceObject: {fileID: 0}
  m_PrefabInstance: {fileID: 0}
  m_PrefabAsset: {fileID: 0}
  m_GameObject: {fileID: 5760985000326325292}
  m_LocalRotation: {x: -0, y: -0, z: -0, w: 1}
  m_LocalPosition: {x: 0, y: 0.12, z: 0.2}
  m_LocalScale: {x: 1, y: 1, z: 1}
  m_Children: []
  m_Father: {fileID: 5760985001030427260}
  m_RootOrder: 1
  m_LocalEulerAnglesHint: {x: 0, y: 0, z: 0}
--- !u!1 &5760985000896194137
GameObject:
  m_ObjectHideFlags: 0
  m_CorrespondingSourceObject: {fileID: 0}
  m_PrefabInstance: {fileID: 0}
  m_PrefabAsset: {fileID: 0}
  serializedVersion: 6
  m_Component:
  - component: {fileID: 5760985000896194134}
  m_Layer: 0
  m_Name: StepRayUpper
  m_TagString: Untagged
  m_Icon: {fileID: 0}
  m_NavMeshLayer: 0
  m_StaticEditorFlags: 0
  m_IsActive: 1
--- !u!4 &5760985000896194134
Transform:
  m_ObjectHideFlags: 0
  m_CorrespondingSourceObject: {fileID: 0}
  m_PrefabInstance: {fileID: 0}
  m_PrefabAsset: {fileID: 0}
  m_GameObject: {fileID: 5760985000896194137}
  m_LocalRotation: {x: -0, y: -0, z: -0, w: 1}
  m_LocalPosition: {x: 0, y: 1.724, z: 0}
  m_LocalScale: {x: 1, y: 1, z: 1}
  m_Children: []
  m_Father: {fileID: 5760985001030427260}
  m_RootOrder: 0
  m_LocalEulerAnglesHint: {x: 0, y: 0, z: 0}
--- !u!1 &5760985001030427263
GameObject:
  m_ObjectHideFlags: 0
  m_CorrespondingSourceObject: {fileID: 0}
  m_PrefabInstance: {fileID: 0}
  m_PrefabAsset: {fileID: 0}
  serializedVersion: 6
  m_Component:
  - component: {fileID: 5760985001030427260}
  m_Layer: 0
  m_Name: Rays
  m_TagString: Untagged
  m_Icon: {fileID: 0}
  m_NavMeshLayer: 0
  m_StaticEditorFlags: 0
  m_IsActive: 1
--- !u!4 &5760985001030427260
Transform:
  m_ObjectHideFlags: 0
  m_CorrespondingSourceObject: {fileID: 0}
  m_PrefabInstance: {fileID: 0}
  m_PrefabAsset: {fileID: 0}
  m_GameObject: {fileID: 5760985001030427263}
  m_LocalRotation: {x: 0, y: 0, z: 0, w: 1}
  m_LocalPosition: {x: 0, y: 0, z: 0}
  m_LocalScale: {x: 1, y: 1, z: 1}
  m_Children:
  - {fileID: 5760985000896194134}
  - {fileID: 5760985000326325293}
  m_Father: {fileID: 5760985001446645843}
  m_RootOrder: 2
  m_LocalEulerAnglesHint: {x: 0, y: 0, z: 0}
--- !u!1 &5760985001437990576
GameObject:
  m_ObjectHideFlags: 0
  m_CorrespondingSourceObject: {fileID: 0}
  m_PrefabInstance: {fileID: 0}
  m_PrefabAsset: {fileID: 0}
  serializedVersion: 6
  m_Component:
  - component: {fileID: 5760985001437990574}
  - component: {fileID: 5760985001437990572}
  - component: {fileID: 1618278735252413312}
  - component: {fileID: 5760985001437990577}
  - component: {fileID: 5760985001437990573}
  - component: {fileID: 5760985001437990570}
  - component: {fileID: 5760985001437990571}
  - component: {fileID: 2759399296564396903}
  - component: {fileID: 3240149199804149598}
  - component: {fileID: 2299852176261051501}
  - component: {fileID: 2002079183403990617}
  - component: {fileID: 7903922042595267031}
  - component: {fileID: 6558259162911080695}
  - component: {fileID: 8429445906160843098}
  - component: {fileID: 5519635887596075161}
  - component: {fileID: 132492943115176507}
  - component: {fileID: 5816121555836758514}
  - component: {fileID: 1328598263582305700}
  - component: {fileID: 1589117875605158509}
  m_Layer: 0
  m_Name: Hero
  m_TagString: Untagged
  m_Icon: {fileID: -964228994112308473, guid: 0000000000000000d000000000000000, type: 0}
  m_NavMeshLayer: 0
  m_StaticEditorFlags: 0
  m_IsActive: 1
--- !u!4 &5760985001437990574
Transform:
  m_ObjectHideFlags: 0
  m_CorrespondingSourceObject: {fileID: 0}
  m_PrefabInstance: {fileID: 0}
  m_PrefabAsset: {fileID: 0}
  m_GameObject: {fileID: 5760985001437990576}
  m_LocalRotation: {x: 0, y: 0, z: 0, w: 1}
  m_LocalPosition: {x: 0, y: 0, z: 0}
  m_LocalScale: {x: 1, y: 1, z: 1}
  m_Children:
  - {fileID: 5760985001446645843}
  - {fileID: 2767665397224204124}
  - {fileID: 7219452046083608693}
  - {fileID: 4478379709381309737}
  - {fileID: 5311683031002316829}
  m_Father: {fileID: 0}
  m_RootOrder: 0
  m_LocalEulerAnglesHint: {x: 0, y: 0, z: 0}
--- !u!54 &5760985001437990572
Rigidbody:
  m_ObjectHideFlags: 0
  m_CorrespondingSourceObject: {fileID: 0}
  m_PrefabInstance: {fileID: 0}
  m_PrefabAsset: {fileID: 0}
  m_GameObject: {fileID: 5760985001437990576}
  serializedVersion: 2
  m_Mass: 1
  m_Drag: 0
  m_AngularDrag: 0.05
  m_UseGravity: 0
  m_IsKinematic: 0
  m_Interpolate: 0
  m_Constraints: 0
  m_CollisionDetection: 0
--- !u!136 &1618278735252413312
CapsuleCollider:
  m_ObjectHideFlags: 0
  m_CorrespondingSourceObject: {fileID: 0}
  m_PrefabInstance: {fileID: 0}
  m_PrefabAsset: {fileID: 0}
  m_GameObject: {fileID: 5760985001437990576}
  m_Material: {fileID: 13400000, guid: 4be22bb9aad964434b52c66a72b7b708, type: 2}
  m_IsTrigger: 0
  m_Enabled: 1
  m_Radius: 0.21
  m_Height: 1.2
  m_Direction: 1
  m_Center: {x: 0, y: 0.6, z: 0}
--- !u!114 &5760985001437990577
MonoBehaviour:
  m_ObjectHideFlags: 0
  m_CorrespondingSourceObject: {fileID: 0}
  m_PrefabInstance: {fileID: 0}
  m_PrefabAsset: {fileID: 0}
  m_GameObject: {fileID: 5760985001437990576}
  m_Enabled: 1
  m_EditorHideFlags: 0
  m_Script: {fileID: 11500000, guid: 6e783d48c6c148939c8a5030d2c5744d, type: 3}
  m_Name: 
  m_EditorClassIdentifier: 
  _moveSpeed: 3
  _rotationSpeed: 6
  _moveParticles: {fileID: 1478454220743093957}
  _swimParticles: {fileID: 2895895277889560089}
  _model: {fileID: 5760985001446645838}
  _heroProperties: {fileID: 11400000, guid: 5b36bcc6974cd452a8e753bf5123840e, type: 2}
--- !u!114 &5760985001437990573
MonoBehaviour:
  m_ObjectHideFlags: 0
  m_CorrespondingSourceObject: {fileID: 0}
  m_PrefabInstance: {fileID: 0}
  m_PrefabAsset: {fileID: 0}
  m_GameObject: {fileID: 5760985001437990576}
  m_Enabled: 1
  m_EditorHideFlags: 0
  m_Script: {fileID: 11500000, guid: 573d26146cce487f9091fee1e4139320, type: 3}
  m_Name: 
  m_EditorClassIdentifier: 
--- !u!114 &5760985001437990570
MonoBehaviour:
  m_ObjectHideFlags: 0
  m_CorrespondingSourceObject: {fileID: 0}
  m_PrefabInstance: {fileID: 0}
  m_PrefabAsset: {fileID: 0}
  m_GameObject: {fileID: 5760985001437990576}
  m_Enabled: 1
  m_EditorHideFlags: 0
  m_Script: {fileID: 11500000, guid: 0b9baa1f1cc3426aaf1031b84a282d82, type: 3}
  m_Name: 
  m_EditorClassIdentifier: 
  stepSmooth: 8
  _climbLayerMask:
    serializedVersion: 2
    m_Bits: 80
  _upperRayTransform: {fileID: 5760985000896194134}
  _lowerRayTransform: {fileID: 5760985000326325293}
  _heroMeshTransform: {fileID: 5760985001446645843}
--- !u!114 &5760985001437990571
MonoBehaviour:
  m_ObjectHideFlags: 0
  m_CorrespondingSourceObject: {fileID: 0}
  m_PrefabInstance: {fileID: 0}
  m_PrefabAsset: {fileID: 0}
  m_GameObject: {fileID: 5760985001437990576}
  m_Enabled: 1
  m_EditorHideFlags: 0
  m_Script: {fileID: 11500000, guid: 3439ad612bf84d959e1287368516c20e, type: 3}
  m_Name: 
  m_EditorClassIdentifier: 
  _animator: {fileID: 8632055536718991163}
--- !u!114 &2759399296564396903
MonoBehaviour:
  m_ObjectHideFlags: 0
  m_CorrespondingSourceObject: {fileID: 0}
  m_PrefabInstance: {fileID: 0}
  m_PrefabAsset: {fileID: 0}
  m_GameObject: {fileID: 5760985001437990576}
  m_Enabled: 1
  m_EditorHideFlags: 0
  m_Script: {fileID: 11500000, guid: dc9ba584cf634e1f80f10ed888b68e54, type: 3}
  m_Name: 
  m_EditorClassIdentifier: 
  _heroInventorySettings: {fileID: 11400000, guid: 310e08665aabe49d58f18b9ed54a4249, type: 2}
  _resourcesPoint: {fileID: 5760984999728565209}
--- !u!114 &3240149199804149598
MonoBehaviour:
  m_ObjectHideFlags: 0
  m_CorrespondingSourceObject: {fileID: 0}
  m_PrefabInstance: {fileID: 0}
  m_PrefabAsset: {fileID: 0}
  m_GameObject: {fileID: 5760985001437990576}
  m_Enabled: 1
  m_EditorHideFlags: 0
  m_Script: {fileID: 11500000, guid: 15ffea3169b446229454657fb770585d, type: 3}
  m_Name: 
  m_EditorClassIdentifier: 
  _interactableLayers:
    serializedVersion: 2
    m_Bits: 1792
  _interactRadius: 0.74
  _seeRadius: 3.48
  _maxInteractAngle: 136.6
  _reloadAttackDelay: 1
  _reloadSeeDelay: 1.5
  _entityModel: {fileID: 5760985001446645838}
  _addedResources: {fileID: 5816121555836758514}
  _properties: {fileID: 11400000, guid: 5b36bcc6974cd452a8e753bf5123840e, type: 2}
  CanInteract: 0
--- !u!114 &2299852176261051501
MonoBehaviour:
  m_ObjectHideFlags: 0
  m_CorrespondingSourceObject: {fileID: 0}
  m_PrefabInstance: {fileID: 0}
  m_PrefabAsset: {fileID: 0}
  m_GameObject: {fileID: 5760985001437990576}
  m_Enabled: 1
  m_EditorHideFlags: 0
  m_Script: {fileID: 11500000, guid: 4eaf990d87654949bc54c6f027855d16, type: 3}
  m_Name: 
  m_EditorClassIdentifier: 
  _activateDuration: 0.2
  _deactivateDuration: 0.2
  _deactivateDelay: 1.2
  _instrumentValues:
  - _instrumentType: 0
    _instrument: {fileID: 4375692756392387368}
  - _instrumentType: 1
    _instrument: {fileID: 1730696982766199646}
  - _instrumentType: 2
    _instrument: {fileID: 6699054084941178393}
  _trailRenderer: {fileID: 674944205662081505}
--- !u!114 &2002079183403990617
MonoBehaviour:
  m_ObjectHideFlags: 0
  m_CorrespondingSourceObject: {fileID: 0}
  m_PrefabInstance: {fileID: 0}
  m_PrefabAsset: {fileID: 0}
  m_GameObject: {fileID: 5760985001437990576}
  m_Enabled: 1
  m_EditorHideFlags: 0
  m_Script: {fileID: 11500000, guid: 6b3372c560de4914beb733835de6395b, type: 3}
  m_Name: 
  m_EditorClassIdentifier: 
  _haveUI: 1
  _healthUI: {fileID: 2982883930227468201}
  _healthSettings: {fileID: 11400000, guid: 2e178a4193de841158a7658bc06c7c38, type: 2}
  _checkDelay: 1
  _restoreDelay: 3
  _restoreSpeed: 1
  _hideUIDelay: 1
--- !u!114 &7903922042595267031
MonoBehaviour:
  m_ObjectHideFlags: 0
  m_CorrespondingSourceObject: {fileID: 0}
  m_PrefabInstance: {fileID: 0}
  m_PrefabAsset: {fileID: 0}
  m_GameObject: {fileID: 5760985001437990576}
  m_Enabled: 1
  m_EditorHideFlags: 0
  m_Script: {fileID: 11500000, guid: 5b2995bd240d42cc86c002f4464d1012, type: 3}
  m_Name: 
  m_EditorClassIdentifier: 
--- !u!114 &6558259162911080695
MonoBehaviour:
  m_ObjectHideFlags: 0
  m_CorrespondingSourceObject: {fileID: 0}
  m_PrefabInstance: {fileID: 0}
  m_PrefabAsset: {fileID: 0}
  m_GameObject: {fileID: 5760985001437990576}
  m_Enabled: 1
  m_EditorHideFlags: 0
  m_Script: {fileID: 11500000, guid: 9dcbf5befa6d4bcd9e8cf906611546be, type: 3}
  m_Name: 
  m_EditorClassIdentifier: 
  _thinkDelay: 0.02
  _rotationSpeed: 15
  _minSearchDistance: 2
  _looker: {fileID: 1852728708524143624}
  _resourceParent: {fileID: 333321935320206392}
  _arrow: {fileID: 7219452046083608693}
--- !u!114 &8429445906160843098
MonoBehaviour:
  m_ObjectHideFlags: 0
  m_CorrespondingSourceObject: {fileID: 0}
  m_PrefabInstance: {fileID: 0}
  m_PrefabAsset: {fileID: 0}
  m_GameObject: {fileID: 5760985001437990576}
  m_Enabled: 1
  m_EditorHideFlags: 0
  m_Script: {fileID: 11500000, guid: 86f44a4752ea4619be6001c046402c78, type: 3}
  m_Name: 
  m_EditorClassIdentifier: 
  _model: {fileID: 5760985001446645838}
  _deathSettings: {fileID: 11400000, guid: 35e84867c70f2ec4d893d566fa60ed7b, type: 2}
  _renderer: {fileID: 7052501884787327323}
--- !u!114 &5519635887596075161
MonoBehaviour:
  m_ObjectHideFlags: 0
  m_CorrespondingSourceObject: {fileID: 0}
  m_PrefabInstance: {fileID: 0}
  m_PrefabAsset: {fileID: 0}
  m_GameObject: {fileID: 5760985001437990576}
  m_Enabled: 1
  m_EditorHideFlags: 0
  m_Script: {fileID: 11500000, guid: 8cc9b7dba8044f0ba7dc7b1225c0858d, type: 3}
  m_Name: 
  m_EditorClassIdentifier: 
  _respawnDelay: 4
  _model: {fileID: 5760985001446645838}
--- !u!114 &132492943115176507
MonoBehaviour:
  m_ObjectHideFlags: 0
  m_CorrespondingSourceObject: {fileID: 0}
  m_PrefabInstance: {fileID: 0}
  m_PrefabAsset: {fileID: 0}
  m_GameObject: {fileID: 5760985001437990576}
  m_Enabled: 1
  m_EditorHideFlags: 0
  m_Script: {fileID: 11500000, guid: 5561709d735e419e84b48f1a9e72da8c, type: 3}
  m_Name: 
  m_EditorClassIdentifier: 
--- !u!114 &5816121555836758514
MonoBehaviour:
  m_ObjectHideFlags: 0
  m_CorrespondingSourceObject: {fileID: 0}
  m_PrefabInstance: {fileID: 0}
  m_PrefabAsset: {fileID: 0}
  m_GameObject: {fileID: 5760985001437990576}
  m_Enabled: 1
  m_EditorHideFlags: 0
  m_Script: {fileID: 11500000, guid: 32a03064aaaa4b01b97711dad97e863b, type: 3}
  m_Name: 
  m_EditorClassIdentifier: 
  _resourceUIPrefab: {fileID: 6636422310393959189, guid: 6ed3c802aff9d7c4d9a3afa1ea0d25aa, type: 3}
  _parentTransform: {fileID: 5311683031002316829}
--- !u!114 &1328598263582305700
MonoBehaviour:
  m_ObjectHideFlags: 0
  m_CorrespondingSourceObject: {fileID: 0}
  m_PrefabInstance: {fileID: 0}
  m_PrefabAsset: {fileID: 0}
  m_GameObject: {fileID: 5760985001437990576}
  m_Enabled: 1
  m_EditorHideFlags: 0
  m_Script: {fileID: 11500000, guid: 9922cfbae1074cf1be2a4d1bff99ae21, type: 3}
  m_Name: 
  m_EditorClassIdentifier: 
  _id: 0
  _audioLinkType: 0
  _audioDelay: 0.4
  _clips:
  - id: 23
    targetAudioClip: {fileID: 8300000, guid: 98d52750211f72f4a8aa21c1b9d16c73, type: 3}
    volume: 0.3
--- !u!114 &1589117875605158509
MonoBehaviour:
  m_ObjectHideFlags: 0
  m_CorrespondingSourceObject: {fileID: 0}
  m_PrefabInstance: {fileID: 0}
  m_PrefabAsset: {fileID: 0}
  m_GameObject: {fileID: 5760985001437990576}
  m_Enabled: 1
  m_EditorHideFlags: 0
  m_Script: {fileID: 11500000, guid: 9922cfbae1074cf1be2a4d1bff99ae21, type: 3}
  m_Name: 
  m_EditorClassIdentifier: 
  _id: 1
  _audioLinkType: 0
  _audioDelay: 0.5
  _clips:
  - id: 25
    targetAudioClip: {fileID: 8300000, guid: 1a52ad5a96b876c48b25828142e4bb66, type: 3}
    volume: 0.5
  - id: 26
    targetAudioClip: {fileID: 8300000, guid: cd7be9132e29b2548bbc7b00f3e064d0, type: 3}
    volume: 0.5
--- !u!1 &5760985001446645842
GameObject:
  m_ObjectHideFlags: 0
  m_CorrespondingSourceObject: {fileID: 0}
  m_PrefabInstance: {fileID: 0}
  m_PrefabAsset: {fileID: 0}
  serializedVersion: 6
  m_Component:
  - component: {fileID: 5760985001446645843}
  - component: {fileID: 5760985001446645838}
  m_Layer: 0
  m_Name: Model
  m_TagString: Untagged
  m_Icon: {fileID: 0}
  m_NavMeshLayer: 0
  m_StaticEditorFlags: 0
  m_IsActive: 1
--- !u!4 &5760985001446645843
Transform:
  m_ObjectHideFlags: 0
  m_CorrespondingSourceObject: {fileID: 0}
  m_PrefabInstance: {fileID: 0}
  m_PrefabAsset: {fileID: 0}
  m_GameObject: {fileID: 5760985001446645842}
  m_LocalRotation: {x: 0, y: 0, z: 0, w: 1}
  m_LocalPosition: {x: 0, y: 0, z: 0}
  m_LocalScale: {x: 1, y: 1, z: 1}
  m_Children:
  - {fileID: 2390026095579206977}
  - {fileID: 5760984999728565209}
  - {fileID: 5760985001030427260}
  - {fileID: 1537275170186432956}
  - {fileID: 3017887499800977760}
  m_Father: {fileID: 5760985001437990574}
  m_RootOrder: 0
  m_LocalEulerAnglesHint: {x: 0, y: 0, z: 0}
--- !u!114 &5760985001446645838
MonoBehaviour:
  m_ObjectHideFlags: 0
  m_CorrespondingSourceObject: {fileID: 0}
  m_PrefabInstance: {fileID: 0}
  m_PrefabAsset: {fileID: 0}
  m_GameObject: {fileID: 5760985001446645842}
  m_Enabled: 1
  m_EditorHideFlags: 0
  m_Script: {fileID: 11500000, guid: 580c1607013c42e5bc55c93c4889d351, type: 3}
  m_Name: 
  m_EditorClassIdentifier: 
--- !u!1 &5960735567303889425
GameObject:
  m_ObjectHideFlags: 0
  m_CorrespondingSourceObject: {fileID: 0}
  m_PrefabInstance: {fileID: 0}
  m_PrefabAsset: {fileID: 0}
  serializedVersion: 6
  m_Component:
  - component: {fileID: 8299409181487733292}
  m_Layer: 0
  m_Name: Instruments
  m_TagString: Untagged
  m_Icon: {fileID: 0}
  m_NavMeshLayer: 0
  m_StaticEditorFlags: 0
  m_IsActive: 1
--- !u!4 &8299409181487733292
Transform:
  m_ObjectHideFlags: 0
  m_CorrespondingSourceObject: {fileID: 0}
  m_PrefabInstance: {fileID: 0}
  m_PrefabAsset: {fileID: 0}
  m_GameObject: {fileID: 5960735567303889425}
  m_LocalRotation: {x: 0, y: 0, z: 0, w: 1}
  m_LocalPosition: {x: -0, y: 0.102, z: 0}
  m_LocalScale: {x: 0.6, y: 0.6, z: 0.6}
  m_Children:
  - {fileID: 1408037177028166269}
  - {fileID: 1721383970525702574}
  - {fileID: 8609127535801731587}
  - {fileID: 2742500831561800221}
  m_Father: {fileID: 1149787897702286631}
  m_RootOrder: 0
  m_LocalEulerAnglesHint: {x: 0, y: 0, z: 0}
--- !u!1 &6051854059964934573
GameObject:
  m_ObjectHideFlags: 0
  m_CorrespondingSourceObject: {fileID: 0}
  m_PrefabInstance: {fileID: 0}
  m_PrefabAsset: {fileID: 0}
  serializedVersion: 6
  m_Component:
  - component: {fileID: 5311683031002316829}
  - component: {fileID: 7577019259489017170}
  - component: {fileID: 8417000016817101506}
  - component: {fileID: 8232800678840877707}
  m_Layer: 7
  m_Name: Added Resources Canvas
  m_TagString: Untagged
  m_Icon: {fileID: 0}
  m_NavMeshLayer: 0
  m_StaticEditorFlags: 0
  m_IsActive: 1
--- !u!224 &5311683031002316829
RectTransform:
  m_ObjectHideFlags: 0
  m_CorrespondingSourceObject: {fileID: 0}
  m_PrefabInstance: {fileID: 0}
  m_PrefabAsset: {fileID: 0}
  m_GameObject: {fileID: 6051854059964934573}
  m_LocalRotation: {x: -0, y: -0, z: -0, w: 1}
  m_LocalPosition: {x: 0, y: 0, z: 0.533}
  m_LocalScale: {x: 1, y: 1, z: 1}
  m_Children:
  - {fileID: 5346544221034465262}
  m_Father: {fileID: 5760985001437990574}
  m_RootOrder: 4
  m_LocalEulerAnglesHint: {x: -54.27, y: 0, z: 0}
  m_AnchorMin: {x: 0, y: 0}
  m_AnchorMax: {x: 0, y: 0}
  m_AnchoredPosition: {x: 0, y: 1.124}
  m_SizeDelta: {x: 5, y: 2}
  m_Pivot: {x: 0.5, y: 0.5}
--- !u!223 &7577019259489017170
Canvas:
  m_ObjectHideFlags: 0
  m_CorrespondingSourceObject: {fileID: 0}
  m_PrefabInstance: {fileID: 0}
  m_PrefabAsset: {fileID: 0}
  m_GameObject: {fileID: 6051854059964934573}
  m_Enabled: 1
  serializedVersion: 3
  m_RenderMode: 2
  m_Camera: {fileID: 0}
  m_PlaneDistance: 100
  m_PixelPerfect: 0
  m_ReceivesEvents: 1
  m_OverrideSorting: 0
  m_OverridePixelPerfect: 0
  m_SortingBucketNormalizedSize: 0
  m_AdditionalShaderChannelsFlag: 25
  m_SortingLayerID: 0
  m_SortingOrder: 0
  m_TargetDisplay: 0
--- !u!114 &8417000016817101506
MonoBehaviour:
  m_ObjectHideFlags: 0
  m_CorrespondingSourceObject: {fileID: 0}
  m_PrefabInstance: {fileID: 0}
  m_PrefabAsset: {fileID: 0}
  m_GameObject: {fileID: 6051854059964934573}
  m_Enabled: 1
  m_EditorHideFlags: 0
  m_Script: {fileID: 11500000, guid: 0cd44c1031e13a943bb63640046fad76, type: 3}
  m_Name: 
  m_EditorClassIdentifier: 
  m_UiScaleMode: 0
  m_ReferencePixelsPerUnit: 100
  m_ScaleFactor: 1
  m_ReferenceResolution: {x: 800, y: 600}
  m_ScreenMatchMode: 0
  m_MatchWidthOrHeight: 0
  m_PhysicalUnit: 3
  m_FallbackScreenDPI: 96
  m_DefaultSpriteDPI: 96
  m_DynamicPixelsPerUnit: 1
  m_PresetInfoIsWorld: 1
--- !u!114 &8232800678840877707
MonoBehaviour:
  m_ObjectHideFlags: 0
  m_CorrespondingSourceObject: {fileID: 0}
  m_PrefabInstance: {fileID: 0}
  m_PrefabAsset: {fileID: 0}
  m_GameObject: {fileID: 6051854059964934573}
  m_Enabled: 1
  m_EditorHideFlags: 0
  m_Script: {fileID: 11500000, guid: dc42784cf147c0c48a680349fa168899, type: 3}
  m_Name: 
  m_EditorClassIdentifier: 
  m_IgnoreReversedGraphics: 1
  m_BlockingObjects: 0
  m_BlockingMask:
    serializedVersion: 2
    m_Bits: 4294967295
--- !u!1 &6186123450900362158
GameObject:
  m_ObjectHideFlags: 0
  m_CorrespondingSourceObject: {fileID: 0}
  m_PrefabInstance: {fileID: 0}
  m_PrefabAsset: {fileID: 0}
  serializedVersion: 6
  m_Component:
  - component: {fileID: 2720916278635824112}
  - component: {fileID: 7124386210912437301}
  - component: {fileID: 1172475098060280600}
  m_Layer: 7
  m_Name: Resource Image
  m_TagString: Untagged
  m_Icon: {fileID: 0}
  m_NavMeshLayer: 0
  m_StaticEditorFlags: 0
  m_IsActive: 0
--- !u!224 &2720916278635824112
RectTransform:
  m_ObjectHideFlags: 0
  m_CorrespondingSourceObject: {fileID: 0}
  m_PrefabInstance: {fileID: 0}
  m_PrefabAsset: {fileID: 0}
  m_GameObject: {fileID: 6186123450900362158}
  m_LocalRotation: {x: -0, y: -0, z: -0, w: 1}
  m_LocalPosition: {x: 0, y: 0, z: 0}
  m_LocalScale: {x: 1, y: 1, z: 1}
  m_Children: []
  m_Father: {fileID: 5346544221034465262}
  m_RootOrder: 1
  m_LocalEulerAnglesHint: {x: 0, y: 0, z: 0}
  m_AnchorMin: {x: 0, y: 0.5}
  m_AnchorMax: {x: 0, y: 0.5}
  m_AnchoredPosition: {x: 30, y: 0}
  m_SizeDelta: {x: 30, y: 10}
  m_Pivot: {x: 0, y: 0.5}
--- !u!222 &7124386210912437301
CanvasRenderer:
  m_ObjectHideFlags: 0
  m_CorrespondingSourceObject: {fileID: 0}
  m_PrefabInstance: {fileID: 0}
  m_PrefabAsset: {fileID: 0}
  m_GameObject: {fileID: 6186123450900362158}
  m_CullTransparentMesh: 1
--- !u!114 &1172475098060280600
MonoBehaviour:
  m_ObjectHideFlags: 0
  m_CorrespondingSourceObject: {fileID: 0}
  m_PrefabInstance: {fileID: 0}
  m_PrefabAsset: {fileID: 0}
  m_GameObject: {fileID: 6186123450900362158}
  m_Enabled: 1
  m_EditorHideFlags: 0
  m_Script: {fileID: 11500000, guid: fe87c0e1cc204ed48ad3b37840f39efc, type: 3}
  m_Name: 
  m_EditorClassIdentifier: 
  m_Material: {fileID: 0}
  m_Color: {r: 1, g: 1, b: 1, a: 1}
  m_RaycastTarget: 1
  m_RaycastPadding: {x: 0, y: 0, z: 0, w: 0}
  m_Maskable: 1
  m_OnCullStateChanged:
    m_PersistentCalls:
      m_Calls: []
  m_Sprite: {fileID: 21300000, guid: c6538c8e87dce40aeb77e2eedfe0d0f5, type: 3}
  m_Type: 0
  m_PreserveAspect: 1
  m_FillCenter: 1
  m_FillMethod: 4
  m_FillAmount: 1
  m_FillClockwise: 1
  m_FillOrigin: 0
  m_UseSpriteMesh: 0
  m_PixelsPerUnitMultiplier: 1
--- !u!1 &6380885849791169278
GameObject:
  m_ObjectHideFlags: 0
  m_CorrespondingSourceObject: {fileID: 0}
  m_PrefabInstance: {fileID: 0}
  m_PrefabAsset: {fileID: 0}
  serializedVersion: 6
  m_Component:
  - component: {fileID: 4478379709381309737}
  m_Layer: 0
  m_Name: Lookers
  m_TagString: Untagged
  m_Icon: {fileID: 0}
  m_NavMeshLayer: 0
  m_StaticEditorFlags: 0
  m_IsActive: 1
--- !u!4 &4478379709381309737
Transform:
  m_ObjectHideFlags: 0
  m_CorrespondingSourceObject: {fileID: 0}
  m_PrefabInstance: {fileID: 0}
  m_PrefabAsset: {fileID: 0}
  m_GameObject: {fileID: 6380885849791169278}
  m_LocalRotation: {x: 0, y: 0, z: 0, w: 1}
  m_LocalPosition: {x: 0, y: 0, z: 0}
  m_LocalScale: {x: 1, y: 1, z: 1}
  m_Children:
  - {fileID: 1852728708524143624}
  m_Father: {fileID: 5760985001437990574}
  m_RootOrder: 3
  m_LocalEulerAnglesHint: {x: 0, y: 0, z: 0}
--- !u!1 &7186052767408630416
GameObject:
  m_ObjectHideFlags: 0
  m_CorrespondingSourceObject: {fileID: 0}
  m_PrefabInstance: {fileID: 0}
  m_PrefabAsset: {fileID: 0}
  serializedVersion: 6
  m_Component:
  - component: {fileID: 2742500831561800221}
  - component: {fileID: 674944205662081505}
  m_Layer: 0
  m_Name: Trail
  m_TagString: Untagged
  m_Icon: {fileID: 0}
  m_NavMeshLayer: 0
  m_StaticEditorFlags: 0
  m_IsActive: 1
--- !u!4 &2742500831561800221
Transform:
  m_ObjectHideFlags: 0
  m_CorrespondingSourceObject: {fileID: 0}
  m_PrefabInstance: {fileID: 0}
  m_PrefabAsset: {fileID: 0}
  m_GameObject: {fileID: 7186052767408630416}
  m_LocalRotation: {x: 0, y: 0, z: 0, w: 1}
  m_LocalPosition: {x: 0, y: 1.15, z: -0}
  m_LocalScale: {x: 1, y: 1, z: 1}
  m_Children: []
  m_Father: {fileID: 8299409181487733292}
  m_RootOrder: 3
  m_LocalEulerAnglesHint: {x: 0, y: 0, z: 0}
--- !u!96 &674944205662081505
TrailRenderer:
  serializedVersion: 2
  m_ObjectHideFlags: 0
  m_CorrespondingSourceObject: {fileID: 0}
  m_PrefabInstance: {fileID: 0}
  m_PrefabAsset: {fileID: 0}
  m_GameObject: {fileID: 7186052767408630416}
  m_Enabled: 1
  m_CastShadows: 1
  m_ReceiveShadows: 1
  m_DynamicOccludee: 1
  m_MotionVectors: 0
  m_LightProbeUsage: 0
  m_ReflectionProbeUsage: 0
  m_RayTracingMode: 0
  m_RayTraceProcedural: 0
  m_RenderingLayerMask: 1
  m_RendererPriority: 0
  m_Materials:
  - {fileID: 10306, guid: 0000000000000000f000000000000000, type: 0}
  m_StaticBatchInfo:
    firstSubMesh: 0
    subMeshCount: 0
  m_StaticBatchRoot: {fileID: 0}
  m_ProbeAnchor: {fileID: 0}
  m_LightProbeVolumeOverride: {fileID: 0}
  m_ScaleInLightmap: 1
  m_ReceiveGI: 1
  m_PreserveUVs: 0
  m_IgnoreNormalsForChartDetection: 0
  m_ImportantGI: 0
  m_StitchLightmapSeams: 1
  m_SelectedEditorRenderState: 3
  m_MinimumChartSize: 4
  m_AutoUVMaxDistance: 0.5
  m_AutoUVMaxAngle: 89
  m_LightmapParameters: {fileID: 0}
  m_SortingLayerID: 0
  m_SortingLayer: 0
  m_SortingOrder: 0
  m_Time: 0.2
  m_Parameters:
    serializedVersion: 3
    widthMultiplier: 1
    widthCurve:
      serializedVersion: 2
      m_Curve:
      - serializedVersion: 3
        time: 0.005821228
        value: 0.18783951
        inSlope: 0
        outSlope: 0
        tangentMode: 0
        weightedMode: 0
        inWeight: 0.33333334
        outWeight: 0.33333334
      - serializedVersion: 3
        time: 1
        value: 0
        inSlope: 0
        outSlope: 0
        tangentMode: 0
        weightedMode: 0
        inWeight: 0
        outWeight: 0
      m_PreInfinity: 2
      m_PostInfinity: 2
      m_RotationOrder: 4
    colorGradient:
      serializedVersion: 2
      key0: {r: 1, g: 1, b: 1, a: 1}
      key1: {r: 1, g: 1, b: 1, a: 0}
      key2: {r: 0, g: 0, b: 0, a: 0}
      key3: {r: 0, g: 0, b: 0, a: 0}
      key4: {r: 0, g: 0, b: 0, a: 0}
      key5: {r: 0, g: 0, b: 0, a: 0}
      key6: {r: 0, g: 0, b: 0, a: 0}
      key7: {r: 0, g: 0, b: 0, a: 0}
      ctime0: 0
      ctime1: 65535
      ctime2: 0
      ctime3: 0
      ctime4: 0
      ctime5: 0
      ctime6: 0
      ctime7: 0
      atime0: 0
      atime1: 65535
      atime2: 0
      atime3: 0
      atime4: 0
      atime5: 0
      atime6: 0
      atime7: 0
      m_Mode: 0
      m_NumColorKeys: 2
      m_NumAlphaKeys: 2
    numCornerVertices: 0
    numCapVertices: 0
    alignment: 0
    textureMode: 0
    shadowBias: 0.5
    generateLightingData: 0
  m_MinVertexDistance: 0.1
  m_Autodestruct: 0
  m_Emitting: 1
--- !u!1 &7833162025578520342
GameObject:
  m_ObjectHideFlags: 0
  m_CorrespondingSourceObject: {fileID: 0}
  m_PrefabInstance: {fileID: 0}
  m_PrefabAsset: {fileID: 0}
  serializedVersion: 6
  m_Component:
  - component: {fileID: 1852728708524143624}
  m_Layer: 8
  m_Name: Arrow Looker
  m_TagString: Untagged
  m_Icon: {fileID: 0}
  m_NavMeshLayer: 0
  m_StaticEditorFlags: 0
  m_IsActive: 1
--- !u!4 &1852728708524143624
Transform:
  m_ObjectHideFlags: 0
  m_CorrespondingSourceObject: {fileID: 0}
  m_PrefabInstance: {fileID: 0}
  m_PrefabAsset: {fileID: 0}
  m_GameObject: {fileID: 7833162025578520342}
  m_LocalRotation: {x: -0, y: -0, z: -0, w: 1}
  m_LocalPosition: {x: 0, y: 0, z: 0}
  m_LocalScale: {x: 1, y: 1, z: 1}
  m_Children: []
  m_Father: {fileID: 4478379709381309737}
  m_RootOrder: 0
  m_LocalEulerAnglesHint: {x: 0, y: 0, z: 0}
--- !u!1 &8996713664570316869
GameObject:
  m_ObjectHideFlags: 0
  m_CorrespondingSourceObject: {fileID: 0}
  m_PrefabInstance: {fileID: 0}
  m_PrefabAsset: {fileID: 0}
  serializedVersion: 6
  m_Component:
  - component: {fileID: 8609127535801731587}
  - component: {fileID: 6699054084941178393}
  m_Layer: 0
  m_Name: Sword
  m_TagString: Untagged
  m_Icon: {fileID: 0}
  m_NavMeshLayer: 0
  m_StaticEditorFlags: 0
  m_IsActive: 1
--- !u!4 &8609127535801731587
Transform:
  m_ObjectHideFlags: 0
  m_CorrespondingSourceObject: {fileID: 0}
  m_PrefabInstance: {fileID: 0}
  m_PrefabAsset: {fileID: 0}
  m_GameObject: {fileID: 8996713664570316869}
  m_LocalRotation: {x: 0, y: 0, z: 0, w: 1}
  m_LocalPosition: {x: 0, y: 0, z: 0}
  m_LocalScale: {x: 1, y: 1, z: 1}
  m_Children: []
  m_Father: {fileID: 8299409181487733292}
  m_RootOrder: 2
  m_LocalEulerAnglesHint: {x: 0, y: 0, z: 0}
--- !u!114 &6699054084941178393
MonoBehaviour:
  m_ObjectHideFlags: 0
  m_CorrespondingSourceObject: {fileID: 0}
  m_PrefabInstance: {fileID: 0}
  m_PrefabAsset: {fileID: 0}
  m_GameObject: {fileID: 8996713664570316869}
  m_Enabled: 1
  m_EditorHideFlags: 0
  m_Script: {fileID: 11500000, guid: 310c7dc30575467e9031aa3f3dc3c5c3, type: 3}
  m_Name: 
  m_EditorClassIdentifier: 
--- !u!1001 &813868085949257162
PrefabInstance:
  m_ObjectHideFlags: 0
  serializedVersion: 2
  m_Modification:
    m_TransformParent: {fileID: 5760985001446645843}
    m_Modifications:
    - target: {fileID: 2498020080713135274, guid: 7e1e606ab5cbfb7469b2433b137660f5, type: 3}
      propertyPath: m_RootOrder
      value: 4
      objectReference: {fileID: 0}
    - target: {fileID: 2498020080713135274, guid: 7e1e606ab5cbfb7469b2433b137660f5, type: 3}
      propertyPath: m_LocalPosition.x
      value: 0
      objectReference: {fileID: 0}
    - target: {fileID: 2498020080713135274, guid: 7e1e606ab5cbfb7469b2433b137660f5, type: 3}
      propertyPath: m_LocalPosition.y
      value: 0.754
      objectReference: {fileID: 0}
    - target: {fileID: 2498020080713135274, guid: 7e1e606ab5cbfb7469b2433b137660f5, type: 3}
      propertyPath: m_LocalPosition.z
      value: 0.46
      objectReference: {fileID: 0}
    - target: {fileID: 2498020080713135274, guid: 7e1e606ab5cbfb7469b2433b137660f5, type: 3}
      propertyPath: m_LocalRotation.w
      value: 0.7071068
      objectReference: {fileID: 0}
    - target: {fileID: 2498020080713135274, guid: 7e1e606ab5cbfb7469b2433b137660f5, type: 3}
      propertyPath: m_LocalRotation.x
      value: -0.7071068
      objectReference: {fileID: 0}
    - target: {fileID: 2498020080713135274, guid: 7e1e606ab5cbfb7469b2433b137660f5, type: 3}
      propertyPath: m_LocalRotation.y
      value: 0
      objectReference: {fileID: 0}
    - target: {fileID: 2498020080713135274, guid: 7e1e606ab5cbfb7469b2433b137660f5, type: 3}
      propertyPath: m_LocalRotation.z
      value: 0
      objectReference: {fileID: 0}
    - target: {fileID: 2498020080713135274, guid: 7e1e606ab5cbfb7469b2433b137660f5, type: 3}
      propertyPath: m_LocalEulerAnglesHint.x
      value: -90
      objectReference: {fileID: 0}
    - target: {fileID: 2498020080713135274, guid: 7e1e606ab5cbfb7469b2433b137660f5, type: 3}
      propertyPath: m_LocalEulerAnglesHint.y
      value: 0
      objectReference: {fileID: 0}
    - target: {fileID: 2498020080713135274, guid: 7e1e606ab5cbfb7469b2433b137660f5, type: 3}
      propertyPath: m_LocalEulerAnglesHint.z
      value: 0
      objectReference: {fileID: 0}
    - target: {fileID: 2556700846832143315, guid: 7e1e606ab5cbfb7469b2433b137660f5, type: 3}
      propertyPath: looping
      value: 1
      objectReference: {fileID: 0}
    - target: {fileID: 2556700846832143315, guid: 7e1e606ab5cbfb7469b2433b137660f5, type: 3}
      propertyPath: moveWithTransform
      value: 1
      objectReference: {fileID: 0}
    - target: {fileID: 2556700846832143315, guid: 7e1e606ab5cbfb7469b2433b137660f5, type: 3}
      propertyPath: SizeModule.enabled
      value: 1
      objectReference: {fileID: 0}
    - target: {fileID: 2556700846832143315, guid: 7e1e606ab5cbfb7469b2433b137660f5, type: 3}
      propertyPath: ColorModule.enabled
      value: 1
      objectReference: {fileID: 0}
    - target: {fileID: 2556700846832143315, guid: 7e1e606ab5cbfb7469b2433b137660f5, type: 3}
      propertyPath: InitialModule.size3D
      value: 1
      objectReference: {fileID: 0}
    - target: {fileID: 2556700846832143315, guid: 7e1e606ab5cbfb7469b2433b137660f5, type: 3}
      propertyPath: ShapeModule.arc.value
      value: 90
      objectReference: {fileID: 0}
    - target: {fileID: 2556700846832143315, guid: 7e1e606ab5cbfb7469b2433b137660f5, type: 3}
      propertyPath: ShapeModule.m_Rotation.x
      value: 0
      objectReference: {fileID: 0}
    - target: {fileID: 2556700846832143315, guid: 7e1e606ab5cbfb7469b2433b137660f5, type: 3}
      propertyPath: ShapeModule.m_Rotation.y
      value: 0
      objectReference: {fileID: 0}
    - target: {fileID: 2556700846832143315, guid: 7e1e606ab5cbfb7469b2433b137660f5, type: 3}
      propertyPath: ShapeModule.m_Rotation.z
      value: 45
      objectReference: {fileID: 0}
    - target: {fileID: 2556700846832143315, guid: 7e1e606ab5cbfb7469b2433b137660f5, type: 3}
      propertyPath: InitialModule.startSize.scalar
      value: 0.2
      objectReference: {fileID: 0}
    - target: {fileID: 2556700846832143315, guid: 7e1e606ab5cbfb7469b2433b137660f5, type: 3}
      propertyPath: InitialModule.startSpeed.scalar
      value: 0.15
      objectReference: {fileID: 0}
    - target: {fileID: 2556700846832143315, guid: 7e1e606ab5cbfb7469b2433b137660f5, type: 3}
      propertyPath: InitialModule.startSize.minScalar
      value: 0.3
      objectReference: {fileID: 0}
    - target: {fileID: 2556700846832143315, guid: 7e1e606ab5cbfb7469b2433b137660f5, type: 3}
      propertyPath: EmissionModule.rateOverTime.scalar
      value: 15
      objectReference: {fileID: 0}
    - target: {fileID: 2556700846832143315, guid: 7e1e606ab5cbfb7469b2433b137660f5, type: 3}
      propertyPath: InitialModule.startLifetime.scalar
      value: 0.3
      objectReference: {fileID: 0}
    - target: {fileID: 2556700846832143315, guid: 7e1e606ab5cbfb7469b2433b137660f5, type: 3}
      propertyPath: InitialModule.startRotation.scalar
      value: 1.5707963
      objectReference: {fileID: 0}
    - target: {fileID: 2556700846832143315, guid: 7e1e606ab5cbfb7469b2433b137660f5, type: 3}
      propertyPath: InitialModule.startSpeed.minScalar
      value: 0.1
      objectReference: {fileID: 0}
    - target: {fileID: 2556700846832143315, guid: 7e1e606ab5cbfb7469b2433b137660f5, type: 3}
      propertyPath: InitialModule.startColor.maxColor.a
      value: 1
      objectReference: {fileID: 0}
    - target: {fileID: 2556700846832143315, guid: 7e1e606ab5cbfb7469b2433b137660f5, type: 3}
      propertyPath: InitialModule.startLifetime.minScalar
      value: 0.2
      objectReference: {fileID: 0}
    - target: {fileID: 2556700846832143315, guid: 7e1e606ab5cbfb7469b2433b137660f5, type: 3}
      propertyPath: ColorModule.gradient.maxGradient.atime1
      value: 40092
      objectReference: {fileID: 0}
    - target: {fileID: 2556700846832143315, guid: 7e1e606ab5cbfb7469b2433b137660f5, type: 3}
      propertyPath: ColorModule.gradient.maxGradient.atime2
      value: 65535
      objectReference: {fileID: 0}
    - target: {fileID: 2556700846832143315, guid: 7e1e606ab5cbfb7469b2433b137660f5, type: 3}
      propertyPath: ColorModule.gradient.maxGradient.key0.a
      value: 0
      objectReference: {fileID: 0}
    - target: {fileID: 2556700846832143315, guid: 7e1e606ab5cbfb7469b2433b137660f5, type: 3}
      propertyPath: ColorModule.gradient.maxGradient.key1.a
      value: 1
      objectReference: {fileID: 0}
    - target: {fileID: 2556700846832143315, guid: 7e1e606ab5cbfb7469b2433b137660f5, type: 3}
      propertyPath: ColorModule.gradient.maxGradient.m_NumAlphaKeys
      value: 3
      objectReference: {fileID: 0}
    - target: {fileID: 2556700846832143315, guid: 7e1e606ab5cbfb7469b2433b137660f5, type: 3}
      propertyPath: SizeModule.curve.maxCurve.m_Curve.Array.data[0].value
      value: 1
      objectReference: {fileID: 0}
    - target: {fileID: 2556700846832143315, guid: 7e1e606ab5cbfb7469b2433b137660f5, type: 3}
      propertyPath: SizeModule.curve.maxCurve.m_Curve.Array.data[1].value
      value: 0
      objectReference: {fileID: 0}
    - target: {fileID: 2556700846832143315, guid: 7e1e606ab5cbfb7469b2433b137660f5, type: 3}
      propertyPath: SizeModule.curve.maxCurve.m_Curve.Array.data[0].inSlope
      value: -2
      objectReference: {fileID: 0}
    - target: {fileID: 2556700846832143315, guid: 7e1e606ab5cbfb7469b2433b137660f5, type: 3}
      propertyPath: SizeModule.curve.maxCurve.m_Curve.Array.data[1].inSlope
      value: 0
      objectReference: {fileID: 0}
    - target: {fileID: 2556700846832143315, guid: 7e1e606ab5cbfb7469b2433b137660f5, type: 3}
      propertyPath: SizeModule.curve.maxCurve.m_Curve.Array.data[0].inWeight
      value: 0
      objectReference: {fileID: 0}
    - target: {fileID: 2556700846832143315, guid: 7e1e606ab5cbfb7469b2433b137660f5, type: 3}
      propertyPath: SizeModule.curve.maxCurve.m_Curve.Array.data[0].outSlope
      value: -2
      objectReference: {fileID: 0}
    - target: {fileID: 2556700846832143315, guid: 7e1e606ab5cbfb7469b2433b137660f5, type: 3}
      propertyPath: SizeModule.curve.maxCurve.m_Curve.Array.data[1].inWeight
      value: 0
      objectReference: {fileID: 0}
    - target: {fileID: 2556700846832143315, guid: 7e1e606ab5cbfb7469b2433b137660f5, type: 3}
      propertyPath: SizeModule.curve.maxCurve.m_Curve.Array.data[1].outSlope
      value: 0
      objectReference: {fileID: 0}
    - target: {fileID: 2556700846832143315, guid: 7e1e606ab5cbfb7469b2433b137660f5, type: 3}
      propertyPath: SizeModule.curve.maxCurve.m_Curve.Array.data[0].outWeight
      value: 0
      objectReference: {fileID: 0}
    - target: {fileID: 2556700846832143315, guid: 7e1e606ab5cbfb7469b2433b137660f5, type: 3}
      propertyPath: SizeModule.curve.maxCurve.m_Curve.Array.data[1].outWeight
      value: 0
      objectReference: {fileID: 0}
    - target: {fileID: 6293375360921556175, guid: 7e1e606ab5cbfb7469b2433b137660f5, type: 3}
      propertyPath: m_Name
      value: Swim Particles
      objectReference: {fileID: 0}
    - target: {fileID: 6293375360921556175, guid: 7e1e606ab5cbfb7469b2433b137660f5, type: 3}
      propertyPath: m_IsActive
      value: 0
      objectReference: {fileID: 0}
    m_RemovedComponents: []
  m_SourcePrefab: {fileID: 100100000, guid: 7e1e606ab5cbfb7469b2433b137660f5, type: 3}
--- !u!198 &2895895277889560089 stripped
ParticleSystem:
  m_CorrespondingSourceObject: {fileID: 2556700846832143315, guid: 7e1e606ab5cbfb7469b2433b137660f5, type: 3}
  m_PrefabInstance: {fileID: 813868085949257162}
  m_PrefabAsset: {fileID: 0}
--- !u!4 &3017887499800977760 stripped
Transform:
  m_CorrespondingSourceObject: {fileID: 2498020080713135274, guid: 7e1e606ab5cbfb7469b2433b137660f5, type: 3}
  m_PrefabInstance: {fileID: 813868085949257162}
  m_PrefabAsset: {fileID: 0}
--- !u!1001 &2783696738292396714
PrefabInstance:
  m_ObjectHideFlags: 0
  serializedVersion: 2
  m_Modification:
    m_TransformParent: {fileID: 5760985001446645843}
    m_Modifications:
    - target: {fileID: -9170826507223999301, guid: 5d743c00b338c4dbc8a975a34bc7f95d, type: 3}
      propertyPath: m_LocalEulerAnglesHint.x
      value: -12.271303
      objectReference: {fileID: 0}
    - target: {fileID: -9170826507223999301, guid: 5d743c00b338c4dbc8a975a34bc7f95d, type: 3}
      propertyPath: m_LocalEulerAnglesHint.y
      value: -26.50324
      objectReference: {fileID: 0}
    - target: {fileID: -9170826507223999301, guid: 5d743c00b338c4dbc8a975a34bc7f95d, type: 3}
      propertyPath: m_LocalEulerAnglesHint.z
      value: 20.902473
      objectReference: {fileID: 0}
    - target: {fileID: -8907169996832830962, guid: 5d743c00b338c4dbc8a975a34bc7f95d, type: 3}
      propertyPath: m_LocalEulerAnglesHint.x
      value: -1.261604
      objectReference: {fileID: 0}
    - target: {fileID: -8907169996832830962, guid: 5d743c00b338c4dbc8a975a34bc7f95d, type: 3}
      propertyPath: m_LocalEulerAnglesHint.y
      value: 89.25878
      objectReference: {fileID: 0}
    - target: {fileID: -8907169996832830962, guid: 5d743c00b338c4dbc8a975a34bc7f95d, type: 3}
      propertyPath: m_LocalEulerAnglesHint.z
      value: 18.829609
      objectReference: {fileID: 0}
    - target: {fileID: -8679921383154817045, guid: 5d743c00b338c4dbc8a975a34bc7f95d, type: 3}
      propertyPath: m_RootOrder
      value: 0
      objectReference: {fileID: 0}
    - target: {fileID: -8679921383154817045, guid: 5d743c00b338c4dbc8a975a34bc7f95d, type: 3}
      propertyPath: m_LocalScale.x
      value: 0.6
      objectReference: {fileID: 0}
    - target: {fileID: -8679921383154817045, guid: 5d743c00b338c4dbc8a975a34bc7f95d, type: 3}
      propertyPath: m_LocalScale.y
      value: 0.6
      objectReference: {fileID: 0}
    - target: {fileID: -8679921383154817045, guid: 5d743c00b338c4dbc8a975a34bc7f95d, type: 3}
      propertyPath: m_LocalScale.z
      value: 0.6
      objectReference: {fileID: 0}
    - target: {fileID: -8679921383154817045, guid: 5d743c00b338c4dbc8a975a34bc7f95d, type: 3}
      propertyPath: m_LocalPosition.x
      value: 0
      objectReference: {fileID: 0}
    - target: {fileID: -8679921383154817045, guid: 5d743c00b338c4dbc8a975a34bc7f95d, type: 3}
      propertyPath: m_LocalPosition.y
      value: 0
      objectReference: {fileID: 0}
    - target: {fileID: -8679921383154817045, guid: 5d743c00b338c4dbc8a975a34bc7f95d, type: 3}
      propertyPath: m_LocalPosition.z
      value: 0
      objectReference: {fileID: 0}
    - target: {fileID: -8679921383154817045, guid: 5d743c00b338c4dbc8a975a34bc7f95d, type: 3}
      propertyPath: m_LocalRotation.w
      value: 1
      objectReference: {fileID: 0}
    - target: {fileID: -8679921383154817045, guid: 5d743c00b338c4dbc8a975a34bc7f95d, type: 3}
      propertyPath: m_LocalRotation.x
      value: 0
      objectReference: {fileID: 0}
    - target: {fileID: -8679921383154817045, guid: 5d743c00b338c4dbc8a975a34bc7f95d, type: 3}
      propertyPath: m_LocalRotation.y
      value: 0
      objectReference: {fileID: 0}
    - target: {fileID: -8679921383154817045, guid: 5d743c00b338c4dbc8a975a34bc7f95d, type: 3}
      propertyPath: m_LocalRotation.z
      value: 0
      objectReference: {fileID: 0}
    - target: {fileID: -8679921383154817045, guid: 5d743c00b338c4dbc8a975a34bc7f95d, type: 3}
      propertyPath: m_LocalEulerAnglesHint.x
      value: 0
      objectReference: {fileID: 0}
    - target: {fileID: -8679921383154817045, guid: 5d743c00b338c4dbc8a975a34bc7f95d, type: 3}
      propertyPath: m_LocalEulerAnglesHint.y
      value: 0
      objectReference: {fileID: 0}
    - target: {fileID: -8679921383154817045, guid: 5d743c00b338c4dbc8a975a34bc7f95d, type: 3}
      propertyPath: m_LocalEulerAnglesHint.z
      value: 0
      objectReference: {fileID: 0}
    - target: {fileID: -6303620373888210469, guid: 5d743c00b338c4dbc8a975a34bc7f95d, type: 3}
      propertyPath: m_LocalEulerAnglesHint.x
      value: 60.102142
      objectReference: {fileID: 0}
    - target: {fileID: -6303620373888210469, guid: 5d743c00b338c4dbc8a975a34bc7f95d, type: 3}
      propertyPath: m_LocalEulerAnglesHint.y
      value: -89.99999
      objectReference: {fileID: 0}
    - target: {fileID: -6303620373888210469, guid: 5d743c00b338c4dbc8a975a34bc7f95d, type: 3}
      propertyPath: m_LocalEulerAnglesHint.z
      value: 0.0000026658677
      objectReference: {fileID: 0}
    - target: {fileID: -6007766248189181575, guid: 5d743c00b338c4dbc8a975a34bc7f95d, type: 3}
      propertyPath: m_LocalEulerAnglesHint.x
      value: 23.327543
      objectReference: {fileID: 0}
    - target: {fileID: -6007766248189181575, guid: 5d743c00b338c4dbc8a975a34bc7f95d, type: 3}
      propertyPath: m_LocalEulerAnglesHint.y
      value: -89.99998
      objectReference: {fileID: 0}
    - target: {fileID: -6007766248189181575, guid: 5d743c00b338c4dbc8a975a34bc7f95d, type: 3}
      propertyPath: m_LocalEulerAnglesHint.z
      value: -0.0000010007004
      objectReference: {fileID: 0}
    - target: {fileID: -5565900045580100638, guid: 5d743c00b338c4dbc8a975a34bc7f95d, type: 3}
      propertyPath: m_LocalEulerAnglesHint.x
      value: -12.500709
      objectReference: {fileID: 0}
    - target: {fileID: -5565900045580100638, guid: 5d743c00b338c4dbc8a975a34bc7f95d, type: 3}
      propertyPath: m_LocalEulerAnglesHint.y
      value: -4.1490455
      objectReference: {fileID: 0}
    - target: {fileID: -5565900045580100638, guid: 5d743c00b338c4dbc8a975a34bc7f95d, type: 3}
      propertyPath: m_LocalEulerAnglesHint.z
      value: -11.601835
      objectReference: {fileID: 0}
    - target: {fileID: -4758685815502339279, guid: 5d743c00b338c4dbc8a975a34bc7f95d, type: 3}
      propertyPath: m_LocalEulerAnglesHint.x
      value: -7.8351398
      objectReference: {fileID: 0}
    - target: {fileID: -4758685815502339279, guid: 5d743c00b338c4dbc8a975a34bc7f95d, type: 3}
      propertyPath: m_LocalEulerAnglesHint.y
      value: -3.2262568
      objectReference: {fileID: 0}
    - target: {fileID: -4758685815502339279, guid: 5d743c00b338c4dbc8a975a34bc7f95d, type: 3}
      propertyPath: m_LocalEulerAnglesHint.z
      value: 5.722636
      objectReference: {fileID: 0}
    - target: {fileID: -4082623440161991112, guid: 5d743c00b338c4dbc8a975a34bc7f95d, type: 3}
      propertyPath: m_LocalEulerAnglesHint.x
      value: -13.809207
      objectReference: {fileID: 0}
    - target: {fileID: -4082623440161991112, guid: 5d743c00b338c4dbc8a975a34bc7f95d, type: 3}
      propertyPath: m_LocalEulerAnglesHint.y
      value: 1.8659078
      objectReference: {fileID: 0}
    - target: {fileID: -4082623440161991112, guid: 5d743c00b338c4dbc8a975a34bc7f95d, type: 3}
      propertyPath: m_LocalEulerAnglesHint.z
      value: 13.083389
      objectReference: {fileID: 0}
    - target: {fileID: -3434028752918228160, guid: 5d743c00b338c4dbc8a975a34bc7f95d, type: 3}
      propertyPath: m_LocalEulerAnglesHint.x
      value: -0.04759872
      objectReference: {fileID: 0}
    - target: {fileID: -3434028752918228160, guid: 5d743c00b338c4dbc8a975a34bc7f95d, type: 3}
      propertyPath: m_LocalEulerAnglesHint.y
      value: -0.09114188
      objectReference: {fileID: 0}
    - target: {fileID: -3434028752918228160, guid: 5d743c00b338c4dbc8a975a34bc7f95d, type: 3}
      propertyPath: m_LocalEulerAnglesHint.z
      value: 0.0068439664
      objectReference: {fileID: 0}
    - target: {fileID: -2845065070594672975, guid: 5d743c00b338c4dbc8a975a34bc7f95d, type: 3}
      propertyPath: m_LocalEulerAnglesHint.x
      value: -37.74486
      objectReference: {fileID: 0}
    - target: {fileID: -2845065070594672975, guid: 5d743c00b338c4dbc8a975a34bc7f95d, type: 3}
      propertyPath: m_LocalEulerAnglesHint.y
      value: 5.084077
      objectReference: {fileID: 0}
    - target: {fileID: -2845065070594672975, guid: 5d743c00b338c4dbc8a975a34bc7f95d, type: 3}
      propertyPath: m_LocalEulerAnglesHint.z
      value: 5.886041
      objectReference: {fileID: 0}
    - target: {fileID: -2507309945039287910, guid: 5d743c00b338c4dbc8a975a34bc7f95d, type: 3}
      propertyPath: m_LocalEulerAnglesHint.x
      value: -83.046844
      objectReference: {fileID: 0}
    - target: {fileID: -2507309945039287910, guid: 5d743c00b338c4dbc8a975a34bc7f95d, type: 3}
      propertyPath: m_LocalEulerAnglesHint.y
      value: 78.27798
      objectReference: {fileID: 0}
    - target: {fileID: -2507309945039287910, guid: 5d743c00b338c4dbc8a975a34bc7f95d, type: 3}
      propertyPath: m_LocalEulerAnglesHint.z
      value: 10.838829
      objectReference: {fileID: 0}
    - target: {fileID: -1063797096316258138, guid: 5d743c00b338c4dbc8a975a34bc7f95d, type: 3}
      propertyPath: m_LocalEulerAnglesHint.x
      value: -18.525373
      objectReference: {fileID: 0}
    - target: {fileID: -1063797096316258138, guid: 5d743c00b338c4dbc8a975a34bc7f95d, type: 3}
      propertyPath: m_LocalEulerAnglesHint.y
      value: -4.442234
      objectReference: {fileID: 0}
    - target: {fileID: -1063797096316258138, guid: 5d743c00b338c4dbc8a975a34bc7f95d, type: 3}
      propertyPath: m_LocalEulerAnglesHint.z
      value: 1.1421602
      objectReference: {fileID: 0}
    - target: {fileID: -554151267778803318, guid: 5d743c00b338c4dbc8a975a34bc7f95d, type: 3}
      propertyPath: m_LocalEulerAnglesHint.x
      value: -8.160652
      objectReference: {fileID: 0}
    - target: {fileID: -554151267778803318, guid: 5d743c00b338c4dbc8a975a34bc7f95d, type: 3}
      propertyPath: m_LocalEulerAnglesHint.y
      value: 6.2556376
      objectReference: {fileID: 0}
    - target: {fileID: -554151267778803318, guid: 5d743c00b338c4dbc8a975a34bc7f95d, type: 3}
      propertyPath: m_LocalEulerAnglesHint.z
      value: -2.6838179
      objectReference: {fileID: 0}
    - target: {fileID: -255177456915490960, guid: 5d743c00b338c4dbc8a975a34bc7f95d, type: 3}
      propertyPath: m_LocalEulerAnglesHint.x
      value: -5.08637
      objectReference: {fileID: 0}
    - target: {fileID: -255177456915490960, guid: 5d743c00b338c4dbc8a975a34bc7f95d, type: 3}
      propertyPath: m_LocalEulerAnglesHint.y
      value: 91.02313
      objectReference: {fileID: 0}
    - target: {fileID: -255177456915490960, guid: 5d743c00b338c4dbc8a975a34bc7f95d, type: 3}
      propertyPath: m_LocalEulerAnglesHint.z
      value: 145.68265
      objectReference: {fileID: 0}
    - target: {fileID: 874804834204735542, guid: 5d743c00b338c4dbc8a975a34bc7f95d, type: 3}
      propertyPath: m_LocalEulerAnglesHint.x
      value: 1.7496126
      objectReference: {fileID: 0}
    - target: {fileID: 874804834204735542, guid: 5d743c00b338c4dbc8a975a34bc7f95d, type: 3}
      propertyPath: m_LocalEulerAnglesHint.y
      value: -2.4009833
      objectReference: {fileID: 0}
    - target: {fileID: 874804834204735542, guid: 5d743c00b338c4dbc8a975a34bc7f95d, type: 3}
      propertyPath: m_LocalEulerAnglesHint.z
      value: -5.4263954
      objectReference: {fileID: 0}
    - target: {fileID: 919132149155446097, guid: 5d743c00b338c4dbc8a975a34bc7f95d, type: 3}
      propertyPath: m_Name
      value: CH_GingerCake
      objectReference: {fileID: 0}
    - target: {fileID: 1107448405401370235, guid: 5d743c00b338c4dbc8a975a34bc7f95d, type: 3}
      propertyPath: m_LocalEulerAnglesHint.x
      value: -7.962505
      objectReference: {fileID: 0}
    - target: {fileID: 1107448405401370235, guid: 5d743c00b338c4dbc8a975a34bc7f95d, type: 3}
      propertyPath: m_LocalEulerAnglesHint.y
      value: 0.8477565
      objectReference: {fileID: 0}
    - target: {fileID: 1107448405401370235, guid: 5d743c00b338c4dbc8a975a34bc7f95d, type: 3}
      propertyPath: m_LocalEulerAnglesHint.z
      value: -1.0099969
      objectReference: {fileID: 0}
    - target: {fileID: 1362136070103860783, guid: 5d743c00b338c4dbc8a975a34bc7f95d, type: 3}
      propertyPath: m_LocalEulerAnglesHint.x
      value: -1.9266979
      objectReference: {fileID: 0}
    - target: {fileID: 1362136070103860783, guid: 5d743c00b338c4dbc8a975a34bc7f95d, type: 3}
      propertyPath: m_LocalEulerAnglesHint.y
      value: 0.94515544
      objectReference: {fileID: 0}
    - target: {fileID: 1362136070103860783, guid: 5d743c00b338c4dbc8a975a34bc7f95d, type: 3}
      propertyPath: m_LocalEulerAnglesHint.z
      value: -6.418969
      objectReference: {fileID: 0}
    - target: {fileID: 2090725380129823171, guid: 5d743c00b338c4dbc8a975a34bc7f95d, type: 3}
      propertyPath: m_LocalEulerAnglesHint.x
      value: -2.9211807
      objectReference: {fileID: 0}
    - target: {fileID: 2090725380129823171, guid: 5d743c00b338c4dbc8a975a34bc7f95d, type: 3}
      propertyPath: m_LocalEulerAnglesHint.y
      value: 89.082794
      objectReference: {fileID: 0}
    - target: {fileID: 2090725380129823171, guid: 5d743c00b338c4dbc8a975a34bc7f95d, type: 3}
      propertyPath: m_LocalEulerAnglesHint.z
      value: 170.83754
      objectReference: {fileID: 0}
    - target: {fileID: 2978413649586190221, guid: 5d743c00b338c4dbc8a975a34bc7f95d, type: 3}
      propertyPath: m_LocalEulerAnglesHint.x
      value: -23.999683
      objectReference: {fileID: 0}
    - target: {fileID: 2978413649586190221, guid: 5d743c00b338c4dbc8a975a34bc7f95d, type: 3}
      propertyPath: m_LocalEulerAnglesHint.y
      value: -177.8408
      objectReference: {fileID: 0}
    - target: {fileID: 2978413649586190221, guid: 5d743c00b338c4dbc8a975a34bc7f95d, type: 3}
      propertyPath: m_LocalEulerAnglesHint.z
      value: -2.7448688
      objectReference: {fileID: 0}
    - target: {fileID: 3742407835892290726, guid: 5d743c00b338c4dbc8a975a34bc7f95d, type: 3}
      propertyPath: m_LocalEulerAnglesHint.x
      value: 79.59691
      objectReference: {fileID: 0}
    - target: {fileID: 3742407835892290726, guid: 5d743c00b338c4dbc8a975a34bc7f95d, type: 3}
      propertyPath: m_LocalEulerAnglesHint.y
      value: -48.415607
      objectReference: {fileID: 0}
    - target: {fileID: 3742407835892290726, guid: 5d743c00b338c4dbc8a975a34bc7f95d, type: 3}
      propertyPath: m_LocalEulerAnglesHint.z
      value: -50.873608
      objectReference: {fileID: 0}
    - target: {fileID: 5151599512721126385, guid: 5d743c00b338c4dbc8a975a34bc7f95d, type: 3}
      propertyPath: m_StaticShadowCaster
      value: 0
      objectReference: {fileID: 0}
    - target: {fileID: 5151599512721126385, guid: 5d743c00b338c4dbc8a975a34bc7f95d, type: 3}
      propertyPath: m_BlendShapeWeights.Array.size
      value: 4
      objectReference: {fileID: 0}
    - target: {fileID: 5772603767890581470, guid: 5d743c00b338c4dbc8a975a34bc7f95d, type: 3}
      propertyPath: m_LocalEulerAnglesHint.x
      value: -2.4416237
      objectReference: {fileID: 0}
    - target: {fileID: 5772603767890581470, guid: 5d743c00b338c4dbc8a975a34bc7f95d, type: 3}
      propertyPath: m_LocalEulerAnglesHint.y
      value: -0.4162403
      objectReference: {fileID: 0}
    - target: {fileID: 5772603767890581470, guid: 5d743c00b338c4dbc8a975a34bc7f95d, type: 3}
      propertyPath: m_LocalEulerAnglesHint.z
      value: 2.7227147
      objectReference: {fileID: 0}
    - target: {fileID: 5866666021909216657, guid: 5d743c00b338c4dbc8a975a34bc7f95d, type: 3}
      propertyPath: m_Controller
      value: 
      objectReference: {fileID: 9100000, guid: 7a256e5fe59854553b2a03a36b09ad46, type: 2}
    - target: {fileID: 7029145023053879142, guid: 5d743c00b338c4dbc8a975a34bc7f95d, type: 3}
      propertyPath: m_LocalEulerAnglesHint.x
      value: 87.50971
      objectReference: {fileID: 0}
    - target: {fileID: 7029145023053879142, guid: 5d743c00b338c4dbc8a975a34bc7f95d, type: 3}
      propertyPath: m_LocalEulerAnglesHint.y
      value: 10.809518
      objectReference: {fileID: 0}
    - target: {fileID: 7029145023053879142, guid: 5d743c00b338c4dbc8a975a34bc7f95d, type: 3}
      propertyPath: m_LocalEulerAnglesHint.z
      value: -77.562874
      objectReference: {fileID: 0}
    - target: {fileID: 8318735950059981143, guid: 5d743c00b338c4dbc8a975a34bc7f95d, type: 3}
      propertyPath: m_LocalEulerAnglesHint.x
      value: -10.840639
      objectReference: {fileID: 0}
    - target: {fileID: 8318735950059981143, guid: 5d743c00b338c4dbc8a975a34bc7f95d, type: 3}
      propertyPath: m_LocalEulerAnglesHint.y
      value: -2.1334724
      objectReference: {fileID: 0}
    - target: {fileID: 8318735950059981143, guid: 5d743c00b338c4dbc8a975a34bc7f95d, type: 3}
      propertyPath: m_LocalEulerAnglesHint.z
      value: 12.709651
      objectReference: {fileID: 0}
    - target: {fileID: 8792425163981548247, guid: 5d743c00b338c4dbc8a975a34bc7f95d, type: 3}
      propertyPath: m_LocalEulerAnglesHint.x
      value: -1.830628
      objectReference: {fileID: 0}
    - target: {fileID: 8792425163981548247, guid: 5d743c00b338c4dbc8a975a34bc7f95d, type: 3}
      propertyPath: m_LocalEulerAnglesHint.y
      value: 0.73791647
      objectReference: {fileID: 0}
    - target: {fileID: 8792425163981548247, guid: 5d743c00b338c4dbc8a975a34bc7f95d, type: 3}
      propertyPath: m_LocalEulerAnglesHint.z
      value: -5.071865
      objectReference: {fileID: 0}
    - target: {fileID: 8874351000413846797, guid: 5d743c00b338c4dbc8a975a34bc7f95d, type: 3}
      propertyPath: m_LocalEulerAnglesHint.x
      value: 1.170609
      objectReference: {fileID: 0}
    - target: {fileID: 8874351000413846797, guid: 5d743c00b338c4dbc8a975a34bc7f95d, type: 3}
      propertyPath: m_LocalEulerAnglesHint.y
      value: -1.6558936
      objectReference: {fileID: 0}
    - target: {fileID: 8874351000413846797, guid: 5d743c00b338c4dbc8a975a34bc7f95d, type: 3}
      propertyPath: m_LocalEulerAnglesHint.z
      value: -1.7607464
      objectReference: {fileID: 0}
    - target: {fileID: 8879528566716807029, guid: 5d743c00b338c4dbc8a975a34bc7f95d, type: 3}
      propertyPath: m_LocalEulerAnglesHint.x
      value: -89.98021
      objectReference: {fileID: 0}
    m_RemovedComponents: []
  m_SourcePrefab: {fileID: 100100000, guid: 5d743c00b338c4dbc8a975a34bc7f95d, type: 3}
--- !u!137 &7052501884787327323 stripped
SkinnedMeshRenderer:
  m_CorrespondingSourceObject: {fileID: 5151599512721126385, guid: 5d743c00b338c4dbc8a975a34bc7f95d, type: 3}
  m_PrefabInstance: {fileID: 2783696738292396714}
  m_PrefabAsset: {fileID: 0}
--- !u!4 &1149787897702286631 stripped
Transform:
  m_CorrespondingSourceObject: {fileID: 2978413649586190221, guid: 5d743c00b338c4dbc8a975a34bc7f95d, type: 3}
  m_PrefabInstance: {fileID: 2783696738292396714}
  m_PrefabAsset: {fileID: 0}
--- !u!95 &8632055536718991163 stripped
Animator:
  m_CorrespondingSourceObject: {fileID: 5866666021909216657, guid: 5d743c00b338c4dbc8a975a34bc7f95d, type: 3}
  m_PrefabInstance: {fileID: 2783696738292396714}
  m_PrefabAsset: {fileID: 0}
--- !u!4 &2390026095579206977 stripped
Transform:
  m_CorrespondingSourceObject: {fileID: -8679921383154817045, guid: 5d743c00b338c4dbc8a975a34bc7f95d, type: 3}
  m_PrefabInstance: {fileID: 2783696738292396714}
  m_PrefabAsset: {fileID: 0}
--- !u!1001 &2961245577434277840
PrefabInstance:
  m_ObjectHideFlags: 0
  serializedVersion: 2
  m_Modification:
    m_TransformParent: {fileID: 7219452046083608693}
    m_Modifications:
    - target: {fileID: -8679921383154817045, guid: 4bf98903c856647ef969f555ab0e40a6, type: 3}
      propertyPath: m_RootOrder
      value: 0
      objectReference: {fileID: 0}
    - target: {fileID: -8679921383154817045, guid: 4bf98903c856647ef969f555ab0e40a6, type: 3}
      propertyPath: m_LocalScale.x
      value: 3
      objectReference: {fileID: 0}
    - target: {fileID: -8679921383154817045, guid: 4bf98903c856647ef969f555ab0e40a6, type: 3}
      propertyPath: m_LocalScale.y
      value: 3
      objectReference: {fileID: 0}
    - target: {fileID: -8679921383154817045, guid: 4bf98903c856647ef969f555ab0e40a6, type: 3}
      propertyPath: m_LocalScale.z
      value: 3
      objectReference: {fileID: 0}
    - target: {fileID: -8679921383154817045, guid: 4bf98903c856647ef969f555ab0e40a6, type: 3}
      propertyPath: m_LocalPosition.x
      value: 0
      objectReference: {fileID: 0}
    - target: {fileID: -8679921383154817045, guid: 4bf98903c856647ef969f555ab0e40a6, type: 3}
      propertyPath: m_LocalPosition.y
      value: 0
      objectReference: {fileID: 0}
    - target: {fileID: -8679921383154817045, guid: 4bf98903c856647ef969f555ab0e40a6, type: 3}
      propertyPath: m_LocalPosition.z
      value: -0.281
      objectReference: {fileID: 0}
    - target: {fileID: -8679921383154817045, guid: 4bf98903c856647ef969f555ab0e40a6, type: 3}
      propertyPath: m_LocalRotation.w
      value: 1
      objectReference: {fileID: 0}
    - target: {fileID: -8679921383154817045, guid: 4bf98903c856647ef969f555ab0e40a6, type: 3}
      propertyPath: m_LocalRotation.x
      value: 0
      objectReference: {fileID: 0}
    - target: {fileID: -8679921383154817045, guid: 4bf98903c856647ef969f555ab0e40a6, type: 3}
      propertyPath: m_LocalRotation.y
      value: -0
      objectReference: {fileID: 0}
    - target: {fileID: -8679921383154817045, guid: 4bf98903c856647ef969f555ab0e40a6, type: 3}
      propertyPath: m_LocalRotation.z
      value: -0
      objectReference: {fileID: 0}
    - target: {fileID: -8679921383154817045, guid: 4bf98903c856647ef969f555ab0e40a6, type: 3}
      propertyPath: m_LocalEulerAnglesHint.x
      value: 0
      objectReference: {fileID: 0}
    - target: {fileID: -8679921383154817045, guid: 4bf98903c856647ef969f555ab0e40a6, type: 3}
      propertyPath: m_LocalEulerAnglesHint.y
      value: 0
      objectReference: {fileID: 0}
    - target: {fileID: -8679921383154817045, guid: 4bf98903c856647ef969f555ab0e40a6, type: 3}
      propertyPath: m_LocalEulerAnglesHint.z
      value: 0
      objectReference: {fileID: 0}
    - target: {fileID: 919132149155446097, guid: 4bf98903c856647ef969f555ab0e40a6, type: 3}
      propertyPath: m_Name
      value: DM_Narrow
      objectReference: {fileID: 0}
    m_RemovedComponents: []
  m_SourcePrefab: {fileID: 100100000, guid: 4bf98903c856647ef969f555ab0e40a6, type: 3}
--- !u!4 &3355969336464883771 stripped
Transform:
  m_CorrespondingSourceObject: {fileID: -8679921383154817045, guid: 4bf98903c856647ef969f555ab0e40a6, type: 3}
  m_PrefabInstance: {fileID: 2961245577434277840}
  m_PrefabAsset: {fileID: 0}
--- !u!1001 &4035154451111044374
PrefabInstance:
  m_ObjectHideFlags: 0
  serializedVersion: 2
  m_Modification:
    m_TransformParent: {fileID: 5760985001446645843}
    m_Modifications:
    - target: {fileID: 2498020080713135274, guid: 7e1e606ab5cbfb7469b2433b137660f5, type: 3}
      propertyPath: m_RootOrder
      value: 3
      objectReference: {fileID: 0}
    - target: {fileID: 2498020080713135274, guid: 7e1e606ab5cbfb7469b2433b137660f5, type: 3}
      propertyPath: m_LocalPosition.x
      value: 0
      objectReference: {fileID: 0}
    - target: {fileID: 2498020080713135274, guid: 7e1e606ab5cbfb7469b2433b137660f5, type: 3}
      propertyPath: m_LocalPosition.y
      value: -0
      objectReference: {fileID: 0}
    - target: {fileID: 2498020080713135274, guid: 7e1e606ab5cbfb7469b2433b137660f5, type: 3}
      propertyPath: m_LocalPosition.z
      value: 0.46
      objectReference: {fileID: 0}
    - target: {fileID: 2498020080713135274, guid: 7e1e606ab5cbfb7469b2433b137660f5, type: 3}
      propertyPath: m_LocalRotation.w
      value: 0.7071068
      objectReference: {fileID: 0}
    - target: {fileID: 2498020080713135274, guid: 7e1e606ab5cbfb7469b2433b137660f5, type: 3}
      propertyPath: m_LocalRotation.x
      value: -0.7071068
      objectReference: {fileID: 0}
    - target: {fileID: 2498020080713135274, guid: 7e1e606ab5cbfb7469b2433b137660f5, type: 3}
      propertyPath: m_LocalRotation.y
      value: 0
      objectReference: {fileID: 0}
    - target: {fileID: 2498020080713135274, guid: 7e1e606ab5cbfb7469b2433b137660f5, type: 3}
      propertyPath: m_LocalRotation.z
      value: 0
      objectReference: {fileID: 0}
    - target: {fileID: 2498020080713135274, guid: 7e1e606ab5cbfb7469b2433b137660f5, type: 3}
      propertyPath: m_LocalEulerAnglesHint.x
      value: -90
      objectReference: {fileID: 0}
    - target: {fileID: 2498020080713135274, guid: 7e1e606ab5cbfb7469b2433b137660f5, type: 3}
      propertyPath: m_LocalEulerAnglesHint.y
      value: 0
      objectReference: {fileID: 0}
    - target: {fileID: 2498020080713135274, guid: 7e1e606ab5cbfb7469b2433b137660f5, type: 3}
      propertyPath: m_LocalEulerAnglesHint.z
      value: 0
      objectReference: {fileID: 0}
    - target: {fileID: 2556700846832143315, guid: 7e1e606ab5cbfb7469b2433b137660f5, type: 3}
      propertyPath: looping
      value: 1
      objectReference: {fileID: 0}
    - target: {fileID: 2556700846832143315, guid: 7e1e606ab5cbfb7469b2433b137660f5, type: 3}
      propertyPath: moveWithTransform
      value: 1
      objectReference: {fileID: 0}
    - target: {fileID: 2556700846832143315, guid: 7e1e606ab5cbfb7469b2433b137660f5, type: 3}
      propertyPath: SizeModule.enabled
      value: 1
      objectReference: {fileID: 0}
    - target: {fileID: 2556700846832143315, guid: 7e1e606ab5cbfb7469b2433b137660f5, type: 3}
      propertyPath: ColorModule.enabled
      value: 1
      objectReference: {fileID: 0}
    - target: {fileID: 2556700846832143315, guid: 7e1e606ab5cbfb7469b2433b137660f5, type: 3}
      propertyPath: InitialModule.size3D
      value: 1
      objectReference: {fileID: 0}
    - target: {fileID: 2556700846832143315, guid: 7e1e606ab5cbfb7469b2433b137660f5, type: 3}
      propertyPath: ShapeModule.arc.value
      value: 90
      objectReference: {fileID: 0}
    - target: {fileID: 2556700846832143315, guid: 7e1e606ab5cbfb7469b2433b137660f5, type: 3}
      propertyPath: ShapeModule.m_Rotation.x
      value: 0
      objectReference: {fileID: 0}
    - target: {fileID: 2556700846832143315, guid: 7e1e606ab5cbfb7469b2433b137660f5, type: 3}
      propertyPath: ShapeModule.m_Rotation.y
      value: 0
      objectReference: {fileID: 0}
    - target: {fileID: 2556700846832143315, guid: 7e1e606ab5cbfb7469b2433b137660f5, type: 3}
      propertyPath: ShapeModule.m_Rotation.z
      value: 45
      objectReference: {fileID: 0}
    - target: {fileID: 2556700846832143315, guid: 7e1e606ab5cbfb7469b2433b137660f5, type: 3}
      propertyPath: InitialModule.startSize.scalar
      value: 0.5
      objectReference: {fileID: 0}
    - target: {fileID: 2556700846832143315, guid: 7e1e606ab5cbfb7469b2433b137660f5, type: 3}
      propertyPath: InitialModule.startSpeed.scalar
      value: 0.2
      objectReference: {fileID: 0}
    - target: {fileID: 2556700846832143315, guid: 7e1e606ab5cbfb7469b2433b137660f5, type: 3}
      propertyPath: InitialModule.startSize.minScalar
      value: 0.6
      objectReference: {fileID: 0}
    - target: {fileID: 2556700846832143315, guid: 7e1e606ab5cbfb7469b2433b137660f5, type: 3}
      propertyPath: EmissionModule.rateOverTime.scalar
      value: 4
      objectReference: {fileID: 0}
    - target: {fileID: 2556700846832143315, guid: 7e1e606ab5cbfb7469b2433b137660f5, type: 3}
      propertyPath: InitialModule.startLifetime.scalar
      value: 0.3
      objectReference: {fileID: 0}
    - target: {fileID: 2556700846832143315, guid: 7e1e606ab5cbfb7469b2433b137660f5, type: 3}
      propertyPath: InitialModule.startRotation.scalar
      value: 1.5707963
      objectReference: {fileID: 0}
    - target: {fileID: 2556700846832143315, guid: 7e1e606ab5cbfb7469b2433b137660f5, type: 3}
      propertyPath: InitialModule.startSpeed.minScalar
      value: 0.1
      objectReference: {fileID: 0}
    - target: {fileID: 2556700846832143315, guid: 7e1e606ab5cbfb7469b2433b137660f5, type: 3}
      propertyPath: InitialModule.startColor.maxColor.a
      value: 0.5686275
      objectReference: {fileID: 0}
    - target: {fileID: 2556700846832143315, guid: 7e1e606ab5cbfb7469b2433b137660f5, type: 3}
      propertyPath: InitialModule.startLifetime.minScalar
      value: 0.2
      objectReference: {fileID: 0}
    - target: {fileID: 2556700846832143315, guid: 7e1e606ab5cbfb7469b2433b137660f5, type: 3}
      propertyPath: ColorModule.gradient.maxGradient.key1.a
      value: 0
      objectReference: {fileID: 0}
    - target: {fileID: 6293375360921556175, guid: 7e1e606ab5cbfb7469b2433b137660f5, type: 3}
      propertyPath: m_Name
      value: Run Particles
      objectReference: {fileID: 0}
    - target: {fileID: 6293375360921556175, guid: 7e1e606ab5cbfb7469b2433b137660f5, type: 3}
      propertyPath: m_IsActive
      value: 0
      objectReference: {fileID: 0}
    m_RemovedComponents: []
  m_SourcePrefab: {fileID: 100100000, guid: 7e1e606ab5cbfb7469b2433b137660f5, type: 3}
--- !u!4 &1537275170186432956 stripped
Transform:
  m_CorrespondingSourceObject: {fileID: 2498020080713135274, guid: 7e1e606ab5cbfb7469b2433b137660f5, type: 3}
  m_PrefabInstance: {fileID: 4035154451111044374}
  m_PrefabAsset: {fileID: 0}
--- !u!198 &1478454220743093957 stripped
ParticleSystem:
  m_CorrespondingSourceObject: {fileID: 2556700846832143315, guid: 7e1e606ab5cbfb7469b2433b137660f5, type: 3}
  m_PrefabInstance: {fileID: 4035154451111044374}
  m_PrefabAsset: {fileID: 0}
--- !u!1001 &6021845803445869068
PrefabInstance:
  m_ObjectHideFlags: 0
  serializedVersion: 2
  m_Modification:
    m_TransformParent: {fileID: 5760985001437990574}
    m_Modifications:
    - target: {fileID: 7137797986730256611, guid: 59820916d25e5477aab3274f40b4eb20, type: 3}
      propertyPath: m_Color.b
      value: 0.75849056
      objectReference: {fileID: 0}
    - target: {fileID: 7137797986730256611, guid: 59820916d25e5477aab3274f40b4eb20, type: 3}
      propertyPath: m_Color.g
      value: 1
      objectReference: {fileID: 0}
    - target: {fileID: 7137797986730256611, guid: 59820916d25e5477aab3274f40b4eb20, type: 3}
      propertyPath: m_Color.r
      value: 0.8202942
      objectReference: {fileID: 0}
    - target: {fileID: 8048846775190754528, guid: 59820916d25e5477aab3274f40b4eb20, type: 3}
      propertyPath: m_Name
      value: Health Canvas
      objectReference: {fileID: 0}
    - target: {fileID: 8500928961384103248, guid: 59820916d25e5477aab3274f40b4eb20, type: 3}
      propertyPath: m_Pivot.x
      value: 0.5
      objectReference: {fileID: 0}
    - target: {fileID: 8500928961384103248, guid: 59820916d25e5477aab3274f40b4eb20, type: 3}
      propertyPath: m_Pivot.y
      value: 0.5
      objectReference: {fileID: 0}
    - target: {fileID: 8500928961384103248, guid: 59820916d25e5477aab3274f40b4eb20, type: 3}
      propertyPath: m_RootOrder
      value: 1
      objectReference: {fileID: 0}
    - target: {fileID: 8500928961384103248, guid: 59820916d25e5477aab3274f40b4eb20, type: 3}
      propertyPath: m_AnchorMax.x
      value: 0
      objectReference: {fileID: 0}
    - target: {fileID: 8500928961384103248, guid: 59820916d25e5477aab3274f40b4eb20, type: 3}
      propertyPath: m_AnchorMax.y
      value: 0
      objectReference: {fileID: 0}
    - target: {fileID: 8500928961384103248, guid: 59820916d25e5477aab3274f40b4eb20, type: 3}
      propertyPath: m_AnchorMin.x
      value: 0
      objectReference: {fileID: 0}
    - target: {fileID: 8500928961384103248, guid: 59820916d25e5477aab3274f40b4eb20, type: 3}
      propertyPath: m_AnchorMin.y
      value: 0
      objectReference: {fileID: 0}
    - target: {fileID: 8500928961384103248, guid: 59820916d25e5477aab3274f40b4eb20, type: 3}
      propertyPath: m_SizeDelta.x
      value: 5
      objectReference: {fileID: 0}
    - target: {fileID: 8500928961384103248, guid: 59820916d25e5477aab3274f40b4eb20, type: 3}
      propertyPath: m_SizeDelta.y
      value: 2
      objectReference: {fileID: 0}
    - target: {fileID: 8500928961384103248, guid: 59820916d25e5477aab3274f40b4eb20, type: 3}
      propertyPath: m_LocalPosition.x
      value: 0
      objectReference: {fileID: 0}
    - target: {fileID: 8500928961384103248, guid: 59820916d25e5477aab3274f40b4eb20, type: 3}
      propertyPath: m_LocalPosition.y
      value: 0
      objectReference: {fileID: 0}
    - target: {fileID: 8500928961384103248, guid: 59820916d25e5477aab3274f40b4eb20, type: 3}
      propertyPath: m_LocalPosition.z
      value: 0.533
      objectReference: {fileID: 0}
    - target: {fileID: 8500928961384103248, guid: 59820916d25e5477aab3274f40b4eb20, type: 3}
      propertyPath: m_LocalRotation.w
      value: 1
      objectReference: {fileID: 0}
    - target: {fileID: 8500928961384103248, guid: 59820916d25e5477aab3274f40b4eb20, type: 3}
      propertyPath: m_LocalRotation.x
      value: -0
      objectReference: {fileID: 0}
    - target: {fileID: 8500928961384103248, guid: 59820916d25e5477aab3274f40b4eb20, type: 3}
      propertyPath: m_LocalRotation.y
      value: -0
      objectReference: {fileID: 0}
    - target: {fileID: 8500928961384103248, guid: 59820916d25e5477aab3274f40b4eb20, type: 3}
      propertyPath: m_LocalRotation.z
      value: -0
      objectReference: {fileID: 0}
    - target: {fileID: 8500928961384103248, guid: 59820916d25e5477aab3274f40b4eb20, type: 3}
      propertyPath: m_AnchoredPosition.x
      value: 0
      objectReference: {fileID: 0}
    - target: {fileID: 8500928961384103248, guid: 59820916d25e5477aab3274f40b4eb20, type: 3}
      propertyPath: m_AnchoredPosition.y
      value: 1.124
      objectReference: {fileID: 0}
    - target: {fileID: 8500928961384103248, guid: 59820916d25e5477aab3274f40b4eb20, type: 3}
      propertyPath: m_LocalEulerAnglesHint.x
      value: -54.27
      objectReference: {fileID: 0}
    - target: {fileID: 8500928961384103248, guid: 59820916d25e5477aab3274f40b4eb20, type: 3}
      propertyPath: m_LocalEulerAnglesHint.y
      value: 0
      objectReference: {fileID: 0}
    - target: {fileID: 8500928961384103248, guid: 59820916d25e5477aab3274f40b4eb20, type: 3}
      propertyPath: m_LocalEulerAnglesHint.z
      value: 0
      objectReference: {fileID: 0}
    m_RemovedComponents: []
  m_SourcePrefab: {fileID: 100100000, guid: 59820916d25e5477aab3274f40b4eb20, type: 3}
--- !u!114 &2982883930227468201 stripped
MonoBehaviour:
  m_CorrespondingSourceObject: {fileID: 8859902058774183333, guid: 59820916d25e5477aab3274f40b4eb20, type: 3}
  m_PrefabInstance: {fileID: 6021845803445869068}
  m_PrefabAsset: {fileID: 0}
  m_GameObject: {fileID: 0}
  m_Enabled: 1
  m_EditorHideFlags: 0
  m_Script: {fileID: 11500000, guid: a8551a62a4c746c5902d92fbec51663d, type: 3}
  m_Name: 
  m_EditorClassIdentifier: 
--- !u!224 &2767665397224204124 stripped
RectTransform:
  m_CorrespondingSourceObject: {fileID: 8500928961384103248, guid: 59820916d25e5477aab3274f40b4eb20, type: 3}
  m_PrefabInstance: {fileID: 6021845803445869068}
  m_PrefabAsset: {fileID: 0}
